 Dungeon Crawl Stone Soup version 0.31.0-11-ge490571c62 (webtiles) character file.

Game seed: 15793041046049425924

2325440 Skeral the Warrior (level 27, 220/238 HPs)
             Began as a Demonspawn Gladiator on Feb 3, 2024.
             Was a High Priest of Ashenzari.
             Escaped with the Orb
             ... and 4 runes!
             The game lasted 04:04:16 (71667 turns).

Skeral the Warrior (Demonspawn Gladiator)          Turns: 71667, Time: 04:04:16

Health: 220/238    AC: 36    Str: 18    XL:     27
Magic:  46/46      EV: 27    Int: 18    God:    Ashenzari [*****.]
Gold:   5827       SH: 27    Dex: 30    Spells: 31/47 levels left

rFire   + + +        a - +2 Maxwell's thermic engine {flame, freeze, rev, Fort, Range} (curse)
rCold   + + .        g - +5 kite shield of the Enlightened Prison {AC+3, Self, Melee} (curse)
rNeg    . . .        w - +3 chain mail "Share My Orthodoxy" {rPois rF+ rC+ Str+2, Self, Dev} (curse)
rPois   +            (helmet unavailable)
rElec   +            O - +2 cloak of Ashenzari's Mutualism {rF+, Fort, Elem} (curse)
rCorr   .            S - +0 pair of gloves "Per Aspera Ad Scientiam" {Will+ Int+6 Dex+2, Cun, Dev} (curse)
SInv    +            i - +2 pair of boots of the Prophetic Empyrean {rampage, Cun, Comp} (curse)
Will    ++++.        s - amulet of Supernal Gnosis {Reflect MP+9 SH+5, Dev, Bglg} (curse)
Stlth   +            H - ring of Law {rF+ AC+4 SInv}
HPRegen 0.59/turn    r - ring "Cursed Together" {Fly rElec Int+3 Dex+3 SInv, Self, Cun} (curse)
MPRegen 0.60/turn

%: reflection, clarity, guardian spirit, rampage
@: flying, studying 3 skills
A: horns 3, icy blue scales 3, hurl damnation, spiny 3, torment resistance 1,
magic shield, magic regeneration, magic link, demonic willpower, dopey 1,
subdued magic 2, inability to drink after injury 1
0: Orb of Zot
}: 4/15 runes: serpentine, barnacled, slimy, silver
a: Hurl Damnation, Renounce Religion, Curse Item, Shatter the Chains


You escaped.
You worshipped Ashenzari.
Ashenzari was extremely pleased with you.
You visited 14 branches of the dungeon, and saw 58 of its levels.
You visited the Abyss 1 time.
You visited 1 ziggurat, and saw 7 of its levels.
You also visited: Trove, Gauntlet, Ice Cave, Volcano and Wizlab.

You collected 11058 gold pieces.
You spent 5231 gold pieces at shops.


Innate Abilities, Weirdness & Mutations

You have a pair of large horns on your head.
You are completely covered in icy blue scales. (AC +4, rC+)
You can hurl damnation.
You are completely covered in sharp spines.
You are resistant to unholy torment.
When hurt, damage is shared between your health and your magic reserves.
You regenerate magic rapidly.
When low on magic, you restore magic in place of health.
You punish those that try to bend your will. (Will+)
You are dopey. (Int -2)
Your spells are easier to cast, but less powerful.
You occasionally lose the ability to drink potions when taking damage.


   Skills:
 - Level 20.1(24.0) Fighting
 - Level 16.0(18.0) Long Blades
 + Level 18.8(20.7) Throwing
 - Level 11.8(15.0) Armour
 - Level 19.1(23.0) Dodging
 - Level 3.7(7.3) Stealth
 + Level 13.7(16.7) Shields
 - Level 6.8(10.9) Spellcasting
 - Level 12.0 Conjurations
 - Level 8.8(11.0) Summonings
 - Level 10.8(13.0) Ice Magic
 - Level 11.9(14.0) Air Magic
 - Level 6.7(9.0) Earth Magic
 - Level 7.4(11.6) Evocations
 - Level 17.9(21.8) Shapeshifting


You had 31 spell levels left.
You knew the following spells:

 Your Spells              Type           Power      Damage    Failure   Level
a - Animate Armour        Summ/Erth      56%        N/A       5%          4
f - Freezing Cloud        Conj/Ice/Air   17%        6-21      4%          5
l - Summon Lightning Spi  Summ/Air       34%        N/A       1%          4
s - Swiftness             Air            37%        N/A       1%          3

Your spell library contained the following spells:

 Spells                   Type           Power      Damage    Failure   Level
 Magic Dart               Conj           100%       1d8       1%          1
 Sandblast                Erth           52%        2d12      1%          1
 Shock                    Conj/Air       100%       1d9       1%          1
 Summon Small Mammal      Summ           100%       N/A       1%          1
 Call Imp                 Summ           60%        N/A       1%          2
 Searing Ray              Conj           66%        2d6       1%          2
 Static Discharge         Conj/Air       70%        3-6/arc   1%          2
 Call Canine Familiar     Summ           30%        N/A       1%          3
 Frozen Ramparts          Ice            70%        1d11      1%          3
 Hailstorm                Conj/Ice       34%        3d8       1%          3
 Ozocubu's Armour         Ice            35%        N/A       1%          3
 Stone Arrow              Conj/Erth      58%        3d10      1%          3
 Summon Ice Beast         Ice/Summ       33%        N/A       1%          3
 Airstrike                Air            18%        2d(3-19)  1%          4
 Sting                    Conj/Alch      76%        1d7       2%          1
 Mercury Vapours          Alch/Air       42%        N/A       2%          2
 Mephitic Cloud           Conj/Alch/Air  25%        N/A       2%          3
 Passwall                 Erth           26%        N/A       2%          3
 Ensorcelled Hibernation  Hex/Ice        42%        N/A       3%          2
 Momentum Strike          Conj/Tloc      38%        3d9       4%          2
 Brom's Barrelling Bould  Conj/Erth      29%        2d5       4%          4
 Arcjolt                  Conj/Air       17%        1d27      4%          5
 Cigotuvi's Dreadful Rot  Necr/Alch/Air  32%        N/A       8%          2
 Conjure Ball Lightning   Conj/Air       17%        3x3d6     30%         6
 Flame Wave               Conj/Fire      19%        2d7       32%         4
 Iskenderun's Mystic Bla  Conj/Tloc      19%        2d6       32%         4
 Apportation              Tloc           12%        N/A       34%         1
 Necrotise                Necr           24%        1d5       34%         1
 Slow                     Hex            24%        N/A       34%         1
 Fulminant Prism          Conj/Alch      9%         3d6       34%         4
 Martyr's Knell           Necr/Summ      18%        N/A       38%         4
 Summon Blazeheart Golem  Fire/Summ      18%        N/A       38%         4
 Blink                    Tloc           12%        N/A       50%         2
 Jinxbite                 Hex            12%        N/A       50%         2
 Lesser Beckoning         Tloc           12%        N/A       50%         2
 Scorch                   Fire           12%        2d5       50%         2
 Sublimation of Blood     Necr           6%         N/A       50%         2
 Silence                  Hex/Air        11%        N/A       54%         5
 Leda's Liquefaction      Alch/Erth      8%         N/A       56%         4
 Petrify                  Alch/Erth      16%        N/A       56%         4
 Metabolic Englaciation   Hex/Ice        10%        N/A       61%         5
 Bombard                  Conj/Erth      14%        9d3       67%         6
 Fireball                 Conj/Fire      9%         3d6       69%         5
 Irradiate                Conj/Alch      9%         3d14      71%         5
 Confusing Touch          Hex            6%         N/A       75%         3
 Gell's Gravitas          Tloc           6%         N/A       75%         3
 Inner Flame              Hex/Fire       6%         N/A       75%         3
 Sigil of Binding         Hex            6%         N/A       75%         3
 Teleport Other           Tloc           6%         N/A       75%         3
 Vampiric Draining        Necr           6%         2d6       75%         3
 Volatile Blastmotes      Fire/Tloc      12%        2d11      75%         3
 Borgnjor's Vile Clutch   Necr/Erth      8%         N/A       88%         5
 Ozocubu's Refrigeration  Ice            17%        4d11      88%         7
 Anguish                  Hex/Necr       3%         N/A       99%         4
 Animate Dead             Necr           6%         N/A       99%         4
 Cause Fear               Hex            3%         N/A       99%         4
 Dimensional Bullseye     Hex/Tloc       3%         N/A       99%         4
 Dispel Undead            Necr           6%         3d8       99%         4
 Ignite Poison            Fire/Alch      6%         N/A       99%         4
 Manifold Assault         Tloc           6%         N/A       99%         4
 Olgreb's Toxic Radiance  Alch           6%         N/A       99%         4
 Passage of Golubria      Tloc           6%         N/A       99%         4
 Sticky Flame             Fire/Alch      6%         2d4       99%         4
 Sculpt Simulacrum        Ice/Alch       10%        N/A       99%         6
 Summon Hydra             Summ           15%        N/A       99%         7
 Alistair's Intoxication  Alch           4%         N/A       100%        5
 Curse of Agony           Necr           6%         N/A       100%        5
 Yara's Violent Unravell  Hex/Alch       3%         3d4       100%        5
 Death Channel            Necr           3%         N/A       100%        6
 Dispersal                Tloc           3%         N/A       100%        6
 Eringya's Noxious Bog    Alch           3%         4d6       100%        6
 Enfeeble                 Hex            3%         N/A       100%        7
 Haunt                    Necr/Summ      9%         N/A       100%        7
 Borgnjor's Revivificati  Necr           3%         N/A       100%        8
 Discord                  Hex            3%         N/A       100%        8
 Disjunction              Tloc           3%         N/A       100%        8
 Ignition                 Fire           3%         3d4       100%        8
 Lehudib's Crystal Spear  Conj/Erth      14%        10d5      100%        8
 Death's Door             Necr           3%         N/A       100%        9
 Dragon's Call            Summ           15%        N/A       100%        9
 Fire Storm               Conj/Fire      9%         8d3       100%        9

Inventory:

Hand Weapons
 a - the cursed +2 Maxwell's thermic engine (weapon) {flame, freeze, rev, Fort, Range}
   (You bought it in a shop on level 13 of the Dungeon)

   It has a curse which improves the following skills: Fortitude: Armour and
   Shields.
   Ranged Combat: Ranged Weapons and Throwing.
Missiles
 d - 10 throwing nets {=f!f}
 e - 10 javelins
 I - 5 atropa-tipped darts
 T - 10 silver javelins
 V - 56 boomerangs (quivered)
Armour
 b - the +9 tower shield of Vehumet's Hope {Fly rC+ Str+2 Dex+2}
   (You acquired it on level 4 of a ziggurat)

   Str+2:     It affects your strength (+2).
   Dex+2:     It affects your dexterity (+2).
   rC+:       It protects you from cold.
   Fly:       It grants you flight.
 g - the cursed +5 kite shield of the Enlightened Prison (worn) {AC+3, Self, Melee}
   (You took it off a minotaur in a Gauntlet)

   It has a curse which improves the following skills: Introspection: Fighting
   and Spellcasting.
   Melee Combat: Short Blades, Long Blades, Axes, Maces & Flails, Polearms,
   Staves and Unarmed Combat.
 i - the cursed +2 pair of boots of the Prophetic Empyrean (worn) {rampage, Cun, Comp}
   (You bought it in a shop on level 2 of the Orcish Mines)

   It has a curse which improves the following skills: Cunning: Dodging and
   Stealth.
   Companions: Summonings and Necromancy.
 w - the cursed +3 chain mail "Share My Orthodoxy" (worn) {rPois rF+ rC+ Str+2, Self, Dev}
   (You found it on level 1 of the Vaults)

   Str+2:     It affects your strength (+2).
   rF+:       It protects you from fire.
   rC+:       It protects you from cold.
   rPois:     It protects you from poison It has a curse which improves the
   following skills: Introspection: Fighting and Spellcasting.
   Devices:   Evocations and Shapeshifting.
 O - the cursed +2 cloak of Ashenzari's Mutualism (worn) {rF+, Fort, Elem}
   (You found it in a volcano)

   It has a curse which improves the following skills: Fortitude: Armour and
   Shields.
   Elements:  Fire Magic, Ice Magic, Air Magic and Earth Magic.
 S - the cursed +0 pair of gloves "Per Aspera Ad Scientiam" (worn) {Will+ Int+6 Dex+2, Cun, Dev}
   (You acquired it on level 2 of the Crypt)

   Int+6:     It affects your intelligence (+6).
   Dex+2:     It affects your dexterity (+2).
   Will+:     It increases your willpower.
   It has a curse which improves the following skills: Cunning: Dodging and
   Stealth.
   Devices:   Evocations and Shapeshifting.
Jewellery
 r - the cursed ring "Cursed Together" (right hand) {Fly rElec Int+3 Dex+3 SInv, Self, Cun}
   (You bought it in a shop on level 2 of the Orcish Mines)

   [ring of see invisible]

   Int+3:     It affects your intelligence (+3).
   Dex+3:     It affects your dexterity (+3).
   rElec:     It insulates you from electricity.
   SInv:      It lets you see invisible.
   Fly:       It grants you flight.
   It has a curse which improves the following skills: Introspection: Fighting
   and Spellcasting.
   Cunning:   Dodging and Stealth.
 s - the cursed amulet of Supernal Gnosis (around neck) {Reflect MP+9 SH+5, Dev, Bglg}
   (You found it in a Gauntlet)

   [amulet of reflection]

   Reflect:   It reflects blocked missile attacks.
   MP+9:      It affects your magic capacity (+9).
   SH+5:      It affects your SH (+5).
   It has a curse which improves the following skills: Devices: Evocations and
   Shapeshifting.
   Beguiling: Hexes and Translocations.
 H - the ring of Law (left hand) {rF+ AC+4 SInv}
   (You found it in a treasure trove)

   [ring of protection]

   AC+4:      It affects your AC (+4).
   rF+:       It protects you from fire.
   SInv:      It lets you see invisible.
 N - the ring of Music {rC+ rN+ Int+4}
   (You found it on level 2 of the Depths)

   [ring of positive energy]

   Int+4:     It affects your intelligence (+4).
   rC+:       It protects you from cold.
   rN+:       It protects you from negative energy.
 R - the amulet of the Air {Inacc Air Fly rElec RMsl}
   (You found it on level 6 of a ziggurat)

   [amulet of nothing]

   Inacc:     It reduces the accuracy of your attacks and spells.
   Air:       It enhances your air magic.
   rElec:     It insulates you from electricity.
   Fly:       It grants you flight.
   RMsl:      It protects you from missiles.
 Z - the ring of Kitad {rPois rN+ Dex+3 Stlth+}
   (You found it on level 3 of the Crypt)

   [ring of positive energy]

   Dex+3:     It affects your dexterity (+3).
   rPois:     It protects you from poison rN+: It protects you from negative
   energy.
   Stlth+:    It makes you more stealthy.
Wands
 n - a wand of flame (140)
   (You took it off Ijyb on level 4 of the Dungeon)
 x - a wand of roots (80)
   (You found it on level 7 of the Dungeon)
 D - a wand of digging (19)
   (You found it on level 1 of the Snake Pit)
 L - a wand of acid (32)
   (You took it off a kobold brigand on level 10 of the Dungeon)
Scrolls
 c - 11 scrolls of fear
 f - 10 scrolls of fog
 m - 33 scrolls of teleportation {@r4}
 t - 3 scrolls of butterflies
 y - 4 scrolls of immolation {!r!r}
 A - 6 scrolls of revelation
 C - 9 scrolls of blinking {!r}
 G - 5 scrolls of enchant armour
 K - 9 scrolls of vulnerability {!r!r}
 X - 2 scrolls of silence {!r}
Potions
 h - 37 potions of curing {@q1}
 j - 8 potions of might
 k - 3 potions of magic
 l - 8 potions of ambrosia
 o - 2 potions of cancellation
 p - 11 potions of lignification {!q}
 q - 3 potions of heal wounds {@q2}
 u - 4 potions of berserk rage {!q}
 v - 3 potions of haste {@q3}
 z - 8 potions of mutation {!q}
 B - 14 potions of enlightenment
 E - 7 potions of brilliance
 J - 3 potions of invisibility
 P - 4 potions of attraction {!q}
 U - 4 potions of resistance
Miscellaneous
 F - a sack of spiders
   (You found it in a Gauntlet)
 M - a phantom mirror (inert)
   (You found it on level 5 of the Vaults)
 Y - a phial of floods
   (You found it on level 4 of the Shoals)

Dungeon Overview and Level Annotations

Branches:
Dungeon (15/15)            Temple (1/1) D:5            Lair (5/5) D:11
 Shoals (4/4) Lair:2        Snake (4/4) Lair:3        Slime (5/5) Lair:4
    Orc (2/2) D:11            Elf (3/3) Orc:2        Vaults (5/5) D:13
  Crypt (3/3) Vaults:2       Tomb (1/3) Crypt:3      Depths (4/4) D:15
   Hell (visited)             Zot (5/5) Depths:4      IceCv (visited)
Volcano (visited)          WizLab (visited)         Gauntlet (visited)
    Dis: Hell:1         Geh: Hell:1         Coc: Hell:1         Tar: Hell:1

Altars:
Ashenzari
Cheibriados
Dithmenos
Fedhas
Gozag
Hepliaklqana
Kikubaaqudgha
Makhleb
Nemelex Xobeh
Okawaru
Qazlal
Ru
Sif Muna
Trog
Uskayaw
Vehumet
Wu Jian
Xom
Yredelemnul
Jiyva

Shops:
D:4 !?**   D:7 [   D:8 ?   D:12 ?   D:13 ?(   Orc:2 (=[*   Elf:2 !=!?(
Snake:2 [:*[   Snake:4 =   Vaults:3 (   Depths:3 ((

Portals:
Hell: Depths:1 Depths:2 Depths:3 Depths:4
Abyss: Depths:2 Depths:3
Pandemonium: Depths:2

Annotations:
Lair:1 1 runed translucent door, Zuma's ghost, journeyman AtCj
Hell Geryon
Zot:1 3 runed translucent doors, Hicanoach's ghost, master DsGl
Zot:2 36 runed translucent doors
Zot:5 6 transporters

...#....#..#########
.....#.##..#
##.###.##..###########
##.##......~~~§≈≈≈~~~#
..###..##..~8~~≈≈~~8~#
...........~~8~~~~8§~#
........#.§§§~####~§§#
...........§§~'..#~≈§#
...........§§~'.@#~§≈#
..#####....≈~~####~~≈#
..#........~~8~~~~8~~#
..#........~8~~≈≈~~8~#
..#....##..~~~≈≈≈≈~~~###
............#######....#
............# #.##.#
........#...#######.##.#
#.##..###.#.......#.##.#


There were no monsters in sight!


Message History

There is an open door here.
There is an entrance to Wackuet's Antique Armour Boutique here.
There is a stone staircase leading up here.
You fly upwards.
There is a stone staircase leading down here.
You see here a +0 flail.
There is a stone staircase leading up here.
You fly upwards.
A Brimstone Fiend comes into view.
There is a stone staircase leading down here.
You rampage towards the Brimstone Fiend!
The Brimstone Fiend gestures at you.
The sphere of damnation explodes!
The damnation engulfs you!!
The damnation engulfs the Brimstone Fiend.
The Brimstone Fiend completely resists. 😕 HP[-18] MP[-4]
You take 18 damage, and now have 220/238 hp.
You lost 4 mp, and now have 42/46 mp.
You open the Brimstone Fiend like a pillowcase!!!
You freeze the Brimstone Fiend. You headbutt the Brimstone Fiend.
You slice the Brimstone Fiend!! You freeze the Brimstone Fiend.
Your headbutt misses the Brimstone Fiend.
The Brimstone Fiend calls on the powers of darkness!
Your body is wracked with pain! 😮 HP[-45] MP[-8]
You take 45 damage, and now have 175/238 hp.
You lost 8 mp, and now have 34/46 mp.
You slash the Brimstone Fiend! You freeze the Brimstone Fiend.
You headbutt the Brimstone Fiend. You block the Brimstone Fiend's attack.
The Brimstone Fiend hits you.
You block the Brimstone Fiend's attack. 😮 HP[-1] MP[-1]
You take 1 damage, and now have 174/238 hp.
You lost 1 mp, and now have 33/46 mp.
You slash the Brimstone Fiend!
You kill the Brimstone Fiend! 😮 MP[+1] 😮 MP[+1]
There is a stone staircase leading up, spattered with blood here. 😮 HP[+1] MP[+1]
You start resting.
An Orb Guardian comes into view. 😮 HP[+3] MP[+3]
You regained 3 hp, and now have 178/238 hp.
You regained 3 mp, and now have 39/46 mp.
You fly upwards.
There is a stone staircase leading down here. 😕 HP[+1] MP[+3]
You regained 3 mp, and now have 42/46 mp.
There is a stone staircase leading up here.
You fly upwards.
There is a stone staircase leading down here.
A daeva comes into view.
It is wielding a +2 scimitar of holy wrath. 😕 HP[+19] MP[+4]
You regained 19 hp, and now have 198/238 hp.
Your mp is fully restored (46).
You feel yourself speed up. 😕 HP[+1]
There is an open door here. 😕 HP[+1] 😕 HP[+1]
There is an open door here. 😕 HP[+1] 😕 HP[+1]
A Demnub and a hellwing come into view. 😕 HP[+1]
An endoplasm comes into view.
Demnub moves out of view.
The hellwing moves out of view.
A hell beast comes into view.
The hell beast's many legs skitter. 😕 HP[+1]
The endoplasm quivers. 😕 HP[+1]
You slice the endoplasm!! You burn the endoplasm.
You kill the endoplasm!
An Orb Guardian comes into view.
Things that are here:
4 stones; a +0 club; 😕 HP[+1]
There is a stone staircase leading up here.
Unknown command.
You fly upwards.
There is a stone staircase leading down here. 😕 HP[+1]
You sense a monster nearby. 😕 HP[+2]
You regained 2 hp, and now have 210/238 hp.
You can't go up here!
There is an escape hatch in the ceiling here. 😕 HP[+1] Take the exit?
Mizyt comes into view.
There is an escape hatch in the ceiling here.
A mysterious force pulls you upwards.
The hatch slams shut behind you. 😕 HP[+1]
Your extra speed is starting to run out.
You feel yourself slow down.
There is a large open door here.
There is a staircase leading out of the dungeon here. 😕 HP[+7]
You regained 7 hp, and now have 219/238 hp.
You have escaped!

Skill      XL: |  1  2  3  4  5  6  7  8  9 10 11 12 13 14 15 16 17 18 19 20 21 22 23 24 25 26 27 |
---------------+----------------------------------------------------------------------------------+-----
Long Blades    | 3 4 5 6 7 9 11 13 14 16 | 16.0
Fighting       | 3 4 5 6 8 9 10 11 13 14 17 18 19 20 | 20.1
Throwing       | 2 4 5 7 12 13 14 16 18 | 18.8
Dodging        | 3 5 6 9 11 15 16 18 19 | 19.1
Armour         | 2 3 4 5 6 11 | 11.8
Evocations     | 2 3 4 6 7 |  7.4
Air Magic      | 2 5 6 8 10 11 | 11.9
Shields        | 2 7 8 9 10 11 13 | 13.7
Spellcasting   | 2 4 5 6 |  6.8
Earth Magic    | 2 4 6 |  6.7
Summonings     | 3 5 7 8 |  8.8
Stealth        | 1 2 3 |  3.7
Conjurations   | 5 9 11 12 | 12.0
Ice Magic      | 4 7 9 10 | 10.8
Shapeshifting  | 7 10 15 17 | 17.9

Action                     |  1- 3 |  4- 6 |  7- 9 | 10-12 | 13-15 | 16-18 | 19-21 | 22-24 | 25-27 || total
---------------------------+-------+-------+-------+-------+-------+-------+-------+-------+-------++-------
  Melee: Long sword        |   112 |   142 |   249 |   270 |       |       |       |       |       ||   773
         Headbutt          |     7 |    23 |    62 |   163 |   369 |   453 |   447 |   545 |   616 ||  2685
         Punch             |       |     1 |     5 |     5 |       |       |       |       |       ||    11
         Scimitar          |       |       |       |   332 |   195 |       |       |       |       ||   527
         Demon blade       |       |       |       |       |  1210 |  1498 |   440 |       |       ||  3148
         Double sword      |       |       |       |       |       |       |   964 |  1692 |  1744 ||  4400
         Unarmed           |       |       |       |       |       |       |     6 |       |       ||     6
  Throw: Dart              |       |     2 |     4 |    12 |    15 |       |       |       |       ||    33
         Throwing net      |       |       |     1 |       |       |       |       |       |       ||     1
         Boomerang         |       |       |       |       |     5 |     4 |       |    42 |    39 ||    90
         Javelin           |       |       |       |       |       |       |     1 |     4 |    19 ||    24
   Cast: Swiftness         |       |       |       |       |     1 |       |       |       |       ||     1
         Summon Lightning  |       |       |       |       |       |     1 |     1 |       |       ||     2
         Animate Armour    |       |       |       |       |       |     1 |     1 |       |     1 ||     3
         Freezing Cloud    |       |       |       |       |       |       |       |    13 |    21 ||    34
 Invoke: Curse Item        |       |       |     3 |     4 |     4 |     4 |     2 |     1 |     2 ||    20
         Shatter the Chain |       |       |       |       |     3 |     3 |     2 |     1 |     2 ||    11
  Evoke: Wand              |       |     1 |       |     2 |     4 |     7 |       |     1 |     5 ||    20
         Sack of spiders   |       |       |       |       |     1 |       |       |       |       ||     1
         Phantom mirror    |       |       |       |       |       |       |       |       |     1 ||     1
    Use: Scroll            |       |     3 |     6 |     3 |     7 |     4 |     1 |     3 |    17 ||    44
         Potion            |       |       |     1 |     2 |     1 |     2 |     4 |     5 |    13 ||    28
   Stab: Sleeping          |     2 |       |       |       |     2 |    22 |    18 |    10 |    11 ||    65
         Distracted        |       |     1 |       |       |       |     3 |     1 |     9 |    18 ||    32
         Invisible         |       |       |       |       |       |     2 |       |       |    20 ||    22
         Confused          |       |       |       |       |       |       |     1 |       |       ||     1
         Held in net/web   |       |       |       |       |       |       |       |       |     1 ||     1
 Armour: Leather armour    |    84 |    47 |       |       |       |       |       |       |       ||   131
         Scale mail        |       |    65 |   185 |   298 |   299 |       |       |       |       ||   847
         Swamp dragon scal |       |       |       |       |    94 |   292 |   111 |       |       ||   497
         Chain mail        |       |       |       |       |       |       |   245 |   439 |   692 ||  1376
  Dodge: Dodged            |    80 |   109 |   100 |   226 |   423 |   660 |   603 |   607 |   821 ||  3629
  Block: Other             |       |       |    10 |    94 |       |       |     1 |       |       ||   105
         Reflection        |       |       |       |     5 |    45 |   105 |   158 |    67 |    32 ||   412
         Kite shield       |       |       |       |    39 |  1202 |  1513 |  1536 |  1540 |  1763 ||  7593

Levels and vault maps discovered:
D:1:      lightli_arrival_boilingwater, layout_basic
D:2:      wander_river, layout_basic, amethyst_killhole
D:3:      layout_basic, nicolae_underground_beach, uniq_terence, uniq_jessica
D:4:      layout_basic, nicolae_overflow_hidden_temple,
          mainiacjoe_overflow_tiny_flanked, elyvilon_altar_3, serial_shops,
          nicolae_shop_window_shopping, nicolae_shop_back_alley_shop, shop,
          nicolae_shop_hallway_plus, serial_bayou_ford_a, minmay_goblin_outpost,
          uniq_ijyb
D:5:      layout_gridville, minmay_temple_entry_poolview
D:6:      layout_loops_ring, grunt_temple_overflow_order_and_chaos_1,
          serial_undead, serial_undead_c, serial_undead_d, serial_undead_a,
          serial_undead_c, dreamdust_wishing_well, uniq_maggie
D:7:      layout_rooms, serial_shops, nicolae_shop_hallway_stairs,
          dk_vineyard_3, minmay_unpleasant_kobolds
D:8:      erik_cavepeople, layout_loops_ring, nrook_campfire,
          nicolae_stop_n_shop_1, uniq_jeremiah, uniq_maurice
D:9:      layout_loops_corners, nicolae_ru_path_of_blood, uniq_gastronok
D:10:     layout_loops_ring, mainiacjoe_overflow_chevrons, enter_trove_6,
          gammafunk_ghost_nasty_kobolds, nicolae_houndstooth_variations,
          uniq_erica
D:11:     layout_cross, grunt_lair_entry_orc_guard_hut, david_orc_2, uniq_psyche
D:12:     layout_rooms, serial_shops, nicolae_shop_hallway_plus
D:13:     bobbens_index_wilting_gardens, layout_basic,
          grunt_vaults_entry_tiered, serial_shops, shop, shop,
          doesnt_xom_only_xom
D:14:     layout_roguey, nemelex_altar_shiori, minmay_microvault, uniq_lodul
D:15:     hangedman_depths_entry_try_elsewhere_first, layout_basic,
          ashenzari_conservatory_becter, nicolae_yredelemnul_ghost_church,
          uniq_jorgrun, uniq_rupert
Temple:   nicolae_temple_bog_church
Lair:1:   layout_loops_ring, ebering_ghost_inner_flame,
          dreamdust_gnoll_shepherd, grunt_megastairs_5, serial_bayou_shore_b
Lair:2:   layout_cave_pods, elwin_shoals_entry_stream, hibernation_bobbens
Lair:3:   layout_roguey, alex1729_snake_entry_snake, grunt_megastairs_2,
          lemuel_fruit_fields, serial_bayou_shore_b, lemuel_fruit_fields
Lair:4:   layout_long_grid, dpeg_slime_entry_enclosed,
          nicolae_volcano_entry_hallway, serial_bayou_shore_b
Lair:5:   hangedman_lair_tendril_chambers, layout_misc_corridors,
          hangedman_lair_caniforms_friends, special_room [special_room_jelly],
          minmay_stone_trees_small
Shoals:1: layout_shoals
Shoals:2: layout_shoals, nicolae_shoals_former_cling_ruins,
          nicolae_shoals_kraken_party
Shoals:3: layout_shoals
Shoals:4: shoals_end_hellmonk_storm_palace [storm_palace_center_ruins,
          storm_palace_corner_reverse_hut, storm_palace_corner_grid,
          storm_palace_corner_altar, storm_palace_corner_pillars]
Snake:1:  layout_basic, grunt_megastairs_1, uniq_agnes, uniq_louise, uniq_aizul
Snake:2:  layout_misc_corridors, minmay_shoptagon, serial_bayou_shore_a
Snake:3:  layout_misc_corridors, uniq_vashnia, uniq_donald
Snake:4:  minmay_snake_end_coiled, layout_grid_maze, serial_shops, shop,
          portal_ice_cave_entry_ice_simulacra, hangedman_snake_corridor_cut,
          uniq_asterion
Slime:1:  layout_caves, cheibrodos_slime_lost_civilization_6
Slime:2:  layout_caves
Slime:3:  cheibrodos_slime_lost_civilization_10, layout_caves,
          cheibrodos_slime_lost_civilization_5
Slime:4:  layout_caves
Slime:5:  slime_pit_nicolae_amoeboid
Orc:1:    layout_diamond_mine, uniq_josephine, uniq_nergalle
Orc:2:    st_orc_congregation, layout_diamond_mine, gauntlet_entry_generic
Elf:1:    eino_elf_arrival_shootout, layout_gridlike, minmay_elf_demonology,
          minmay_elf_sorcery
Elf:2:    elven_hall_of_blades_hangedman_alternative
          [mumra_blade_entry_bloodbath], layout_geoelf_diagonals, serial_shops,
          nicolae_stop_n_shop_1, nicolae_shop_behind_doors, shop, shop, shop
Elf:3:    elf_hall, layout_onion_city, minivault_20
Vaults:1: vaults_mumra_chevron, grunt_vaults_trifunnel,
          nicolae_vaults_closet_pinwheel_4, nicolae_vaults_sealed_display,
          v_alt_pattern_4, nicolae_vaults_trapezoid_lopsided_3,
          layout_vaults_quadrants
Vaults:2: nicolae_vaults_trapezoid_2, minmay_crypt_entry_necro_gods,
          vaults_mumra_chevron_long, hangedman_vaults_nails,
          hangedman_vaults_variations, nicolae_vaults_wrenched,
          nicolae_vaults_specimen_jars, dpeg_vaults_waves,
          nicolae_vaults_alarming, nicolae_vaults_border_crossing,
          nicolae_vaults_closet_pinwheel_4, nicolae_vaults_house_1,
          nicolae_vaults_trapezoid_4, nicolae_vaults_offset_grid_hallway_3,
          layout_vaults_omnicross
Vaults:3: nicolae_vaults_meiosis, nicolae_vaults_trapezoid_3,
          nicolae_vaults_storage_room_water,
          nicolae_vaults_offset_grid_hallway_1,
          nicolae_vaults_storage_closets_2, nicolae_vaults_little_squares_6,
          vaults_dpeg_emergency_exit, minmay_guarded_unrand_guard_vaults,
          nicolae_vaults_what_the_h, nicolae_vaults_apartment_1,
          hangedman_vaults_snaps, nicolae_vaults_trapezoid_3,
          grunt_vaults_funnel, v_alt_pattern_1, vaults_mumra_hex,
          layout_vaults_omnibox, serial_shops, nicolae_shop_scrapyard,
          uniq_saint_roka, uniq_norris
Vaults:4: grunt_vaults_twisty, nicolae_vaults_double_plus_3,
          vaults_standard_mumra_lines, ontoclasm_vaults_gateway,
          nicolae_vaults_closet_pinwheel_6, vaults_dpeg_diagonal,
          nicolae_vaults_trapezoid_3, hangedman_vaults_trim,
          hangedman_vaults_impose, serial_ice_b, v_misc_10,
          nicolae_vaults_stairing_the_circle, ontoclasm_vaults_bender,
          vaults_room_semicircle, nicolae_vaults_trapezoid_1,
          ontoclasm_vaults_fault, ontoclasm_vaults_decontamination,
          layout_vaults_maze
Vaults:5: serial_shops, uniq_margery, uniq_frederick
Crypt:1:  layout_gridlike, roderic_lattice_octagonal_star
Crypt:2:  layout_regular_city, lightli_enter_wizlab_magi_temple, st_stairs_13,
          grunt_megastairs_3, uniq_jory
Crypt:3:  lightli_unholy_cathedral, layout_chaotic_city,
          tomb_entry_shell_bobbens, minivault_11, grunt_ministairs_14,
          amcnicky_mini_corridor_feature, nrook_guardian_serpent_ordinary
Tomb:1
Depths:1: layout_gridlike, lightli_too_deep,
          nicolae_kikubaaqudgha_miasma_corner,
          serial_library_hellmonk_long_bookcase, evilmike_ambush
          [evilmike_ambush_outer_doors, evilmike_ambush_inner_basic],
          uniq_bai_suzhen
Depths:2: minmay_rotating_shell, layout_basic, enter_ziggurat_d, abyss_entry,
          hell_entry, pan_entry, minivault_10, tso_oasis_becter
Depths:3: minmay_the_grid_square_5x5_4x4 [minmay_the_grid_square_5x5_corner,
          minmay_the_grid_square_5x5_eight, minmay_the_grid_square_5x5_bite,
          minmay_the_grid_square_5x5_v, minmay_the_grid_square_5x5_minivault,
          minmay_the_grid_square_5x5_prize_gold,
          minmay_the_grid_square_5x5_prize_pseudospiral,
          minmay_the_grid_square_5x5_inverted_slash,
          minmay_the_grid_square_5x5_six,
          minmay_the_grid_square_5x5_prize_monsterx,
          minmay_the_grid_square_5x5_prize_snowflake,
          minmay_the_grid_square_5x5_seven, minmay_the_grid_square_5x5_inner_z,
          minmay_the_grid_square_5x5_spiral, minmay_the_grid_square_5x5_plus,
          minmay_the_grid_square_5x5_one_wall], layout_basic, serial_shops,
          nicolae_stop_n_shop_2, shop, hell_entry,
          nicolae_sif_muna_condensation, abyss_entry_crystal,
          minmay_statues_item, minmay_staircase_statues
Depths:4: evilmike_zot_entry_basic, layout_gridlike, minmay_splitting_lines,
          pf_dread_powers_of_hell, minmay_misc_feat_diagonals,
          serial_bayou_shore_b, uniq_parghit
Hell
Zot:1:    layout_concentric_octagons, gammafunk_ghost_split, uniq_vv
Zot:2:    layout_basic, bh_zot_ikea_curve, door_vault
Zot:3:    layout_misc_corridors, regret_index_zotdec_bone_old, st_stairs_2
Zot:4:    gammafunk_mikee_crab_dinner, layout_cathedral_of_symmetry
Zot:5:    layout_misc_corridors, st_stairs_9, serial_nicolae_subway,
          nicolae_sub_station_stone, nicolae_sub_station_metal,
          nicolae_sub_station_crystal

Notes
Turn   | Place    | Note
-------+----------+-------------------------------------------
     0 | D:1      | Skeral the Demonspawn Gladiator began the quest for the
                  | Orb.
     0 | D:1      | Reached XP level 1. HP: 16/16 MP: 1/1
     0 | D:1      | magus.rc [v1.10.3]
   192 | D:1      | Reached skill level 3 in Long Blades
   212 | D:1      | Gained mutation: You regenerate magic rapidly. [demonic
                  | ancestry]
   212 | D:1      | Reached XP level 2. HP: 23/23 MP: 2/2
   701 | D:2      | Gained mutation: You have a pair of small horns on your
                  | head. [demonic ancestry]
   701 | D:2      | Reached XP level 3. HP: 28/28 MP: 3/3
   708 | D:2      | Reached skill level 3 in Fighting
  1274 | D:3      | Reached XP level 4. HP: 35/35 MP: 4/4
  1364 | D:3      | You pick up a book of Burglary and begin reading...
  1364 | D:3      | You add the spells Ensorcelled Hibernation, Swiftness and
                  | Passwall to your library.
  1700 | D:3      | Noticed Jessica
  1739 | D:3      | Killed Jessica
  1739 | D:3      | Noticed Terence
  1740 | D:3      | Reached skill level 4 in Long Blades
  1818 | D:4      | Noticed Ijyb
  1828 | D:4      | Killed Ijyb
  1829 | D:4      | Reached skill level 4 in Fighting
  1829 | D:4      | Gained mutation: You are partially covered in icy blue
                  | scales. (AC +2) [demonic ancestry]
  1829 | D:4      | Reached XP level 5. HP: 22/42 MP: 5/5
  1917 | D:4      | Found an iron altar of Okawaru.
  2033 | D:4      | Found Umuyplot's Distillery.
  2041 | D:4      | Bought a potion of curing for 33 gold pieces
  2084 | D:4      | Noticed an ogre
  2453 | D:4      | HP: 9/43 [burnt (6)]
  2454 | D:4      | Gained mutation: When hurt, damage is shared between your
                  | health and your magic reserves. [demonic ancestry]
  2454 | D:4      | Reached XP level 6. HP: 10/49 MP: 6/6
  2653 | D:3      | Killed Terence
  2744 | D:4      | Reached skill level 5 in Fighting
  2744 | D:4      | Reached skill level 5 in Long Blades
  2794 | D:4      | Found Tacidoza's Magic Scroll Emporium.
  2817 | D:4      | Found a broken altar of Ashenzari.
  2860 | D:4      | Became a worshipper of Ashenzari the Shackled
  2892 | D:4      | Found Myrijaedgh's Assorted Antiques.
  3107 | D:5      | Entered Level 5 of the Dungeon
  3428 | D:4      | Found Mair Pai's General Store.
  3527 | D:4      | Found a burning altar of Makhleb.
  3527 | D:4      | Found an ancient bone altar of Kikubaaqudgha.
  3528 | D:4      | Found a blossoming altar of Fedhas.
  3598 | D:4      | Gained mutation: You are partially covered in sharp spines.
                  | [demonic ancestry]
  3598 | D:4      | Reached XP level 7. HP: 38/56 MP: 4/7
  3764 | D:4      | Bought a scroll labelled MUOTRO RAALENY for 31 gold pieces
  3837 | D:5      | Reached skill level 6 in Fighting
  3914 | D:5      | You pick up a book of Hexes and begin reading...
  3914 | D:5      | You add the spells Anguish, Cause Fear and Enfeeble to your
                  | library.
  3934 | D:5      | Reached skill level 6 in Long Blades
  4380 | D:5      | You fall into a shaft and drop 2 floors!
  4398 | D:7      | Found Wackuet's Antique Armour Boutique.
  4406 | D:7      | Reached skill level 2 in Throwing
  4564 | D:6      | Noticed Maggie
  4656 | D:6      | Reached skill level 3 in Dodging
  4723 | D:6      | Gained mutation: You are mostly covered in sharp spines.
                  | [demonic ancestry]
  4723 | D:6      | Reached XP level 8. HP: 52/65 MP: 3/8
  5021 | D:5      | Reached skill level 7 in Fighting
  5185 | D:5      | Found a staircase to the Ecumenical Temple.
  5194 | Temple   | Entered the Ecumenical Temple
  5362 | D:5      | Reached * piety under Ashenzari
  5422 | D:6      | Reached skill level 7 in Long Blades
  5454 | D:6      | Noticed an angel
  5455 | D:6      | Found a shimmering altar of Xom.
  5462 | D:6      | You pick up a book of Flames and begin reading...
  5462 | D:6      | You add the spells Inner Flame, Sticky Flame and Flame Wave
                  | to your library.
  5584 | D:6      | Reached skill level 8 in Fighting
  5854 | D:6      | Reached XP level 9. HP: 31/76 MP: 7/9
  6152 | D:6      | HP: 15/76 [orc warrior/+0 battleaxe (11)]
  6154 | D:6      | Reached skill level 8 in Long Blades
  6375 | D:6      | Killed Maggie
  6529 | D:7      | Reached skill level 9 in Fighting
  6810 | D:7      | Reached ** piety under Ashenzari
  6903 | D:8      | Found Giqaam's Magic Scroll Shop.
  6912 | D:7      | Reached skill level 1 in Armour
  6912 | D:7      | Reached skill level 1 in Evocations
  6967 | D:8      | Reached skill level 9 in Long Blades
  6972 | D:8      | Reached skill level 2 in Evocations
  6982 | D:8      | Reached skill level 2 in Armour
  6996 | D:8      | Gained mutation: You are mostly covered in icy blue scales.
                  | (AC +3) [demonic ancestry]
  6996 | D:8      | Reached XP level 10. HP: 55/88 MP: 7/10
  7189 | D:8      | Noticed Jeremiah
  7367 | D:8      | Reached skill level 3 in Evocations
  7381 | D:8      | Noticed Sigmund
  7394 | D:8      | Killed Sigmund
  7395 | D:8      | Reached skill level 10 in Fighting
  7432 | D:8      | Reached skill level 10 in Long Blades
  7838 | D:8      | Bought a scroll of butterflies for 60 gold pieces
  7838 | D:8      | Bought a scroll of teleportation for 45 gold pieces
  8097 | D:8      | Noticed Maurice
  8134 | D:8      | Maurice stole a staff of conjuration {!a}
  8149 | D:8      | Killed Maurice
  8150 | D:8      | Reached skill level 11 in Long Blades
  8654 | D:9      | Reached XP level 11. HP: 95/95 MP: 11/11
  9000 | D:9      | Reached skill level 12 in Long Blades
  9219 | D:9      | Reached *** piety under Ashenzari
  9379 | D:9      | Noticed Gastronok
  9400 | D:9      | Killed Gastronok
  9481 | D:9      | Noticed a two-headed ogre
  9490 | D:9      | Killed a two-headed ogre
  9568 | D:9      | Found a sacrificial altar of Ru.
  9582 | D:10     | Entered Level 10 of the Dungeon
  9582 | D:10     | Noticed Erica
  9705 | D:9      | Learned a level 3 spell: Swiftness
  9762 | D:10     | Killed Erica
  9896 | D:10     | Found a portal to a secret trove of treasure.
  9928 | D:10     | Noticed a two-headed ogre
  9946 | D:10     | Killed a two-headed ogre
  9947 | D:10     | Reached skill level 3 in Armour
  9947 | D:10     | Reached skill level 4 in Dodging
  9947 | D:10     | Reached skill level 1 in Air Magic
 10245 | D:10     | Found an opulent altar of Gozag.
 10291 | D:10     | Reached skill level 2 in Air Magic
 10382 | D:10     | Found a runed translucent gate.
 10382 | D:10     | Found a runed translucent gate.
 10383 | D:10     | Found a runed translucent gate.
 10386 | D:10     | Noticed zenocrate's ghost (journeyman KoDe)
 10860 | D:11     | Reached skill level 13 in Long Blades
 11289 | D:11     | Reached skill level 5 in Dodging
 11294 | D:11     | You add the spells Haunt, Borgnjor's Revivification and
                  | Death's Door to your library.
 11333 | D:11     | Found a staircase to the Lair.
 11341 | D:11     | Noticed Psyche
 11368 | D:11     | Killed Psyche
 11369 | D:11     | Reached skill level 1 in Shields
 11425 | D:11     | Found a staircase to the Orcish Mines.
 11626 | Lair:1   | Entered Level 1 of the Lair of Beasts
 11632 | Lair:1   | magus.rc [v1.10.3]
 11719 | Lair:1   | Reached skill level 2 in Shields
 11727 | Lair:1   | Reached XP level 12. HP: 97/103 MP: 12/12
 11764 | Lair:1   | You add the spells Gell's Gravitas, Teleport Other and
                  | Dispersal to your library.
 11804 | Lair:1   | You pick up a book of Chaos and begin reading...
 11804 | Lair:1   | You add the spells Conjure Ball Lightning, Disjunction and
                  | Discord to your library.
 11836 | Lair:1   | Noticed a death yak
 11840 | Lair:1   | Noticed a death yak
 11840 | Lair:1   | Noticed a death yak
 11946 | Lair:1   | Found a runed translucent door.
 11947 | Lair:1   | Noticed Zuma's ghost (journeyman AtCj)
 11967 | Lair:1   | Killed a death yak
 11968 | Lair:1   | Reached skill level 3 in Shields
 11990 | Lair:1   | Killed a death yak
 12089 | Lair:1   | Reached skill level 4 in Shields
 12248 | Lair:1   | Reached skill level 14 in Long Blades
 12381 | Lair:1   | Reached skill level 5 in Shields
 12494 | Lair:1   | Reached skill level 6 in Shields
 12803 | Lair:2   | Reached skill level 7 in Shields
 13022 | Lair:2   | Reached **** piety under Ashenzari
 13139 | Lair:2   | Found a staircase to the Shoals.
 13162 | Lair:2   | Reached skill level 3 in Throwing
 13162 | Lair:2   | Reached skill level 6 in Dodging
 13168 | Lair:2   | Reached skill level 1 in Spellcasting
 13639 | Lair:3   | You pick up a book of Armaments and begin reading...
 13639 | Lair:3   | You add the spells Stone Arrow, Animate Armour and
                  | Lehudib's Crystal Spear to your library.
 13755 | Lair:3   | Noticed a four-headed hydra
 13761 | Lair:3   | Killed a one-headed hydra
 13762 | Lair:3   | Reached skill level 2 in Spellcasting
 13781 | Lair:3   | Reached skill level 4 in Throwing
 13781 | Lair:3   | Reached XP level 13. HP: 111/111 MP: 19/19
 13801 | Lair:3   | Learned a level 4 spell: Animate Armour
 13866 | Lair:3   | Reached skill level 3 in Air Magic
 13873 | Lair:3   | Reached skill level 1 in Earth Magic
 13945 | Lair:3   | Reached skill level 7 in Dodging
 13966 | Lair:3   | Reached skill level 2 in Earth Magic
 14104 | Lair:3   | Identified a scroll of acquirement
 14146 | Lair:3   | Acquired a manual of Dodging
 14535 | Lair:3   | Found a staircase to the Snake Pit.
 14932 | Lair:4   | Reached skill level 4 in Air Magic
 15148 | Lair:4   | Reached skill level 8 in Dodging
 15159 | Lair:4   | Found a dark tunnel.
 15234 | Volcano  | Entered a volcano
 15290 | Volcano  | Reached skill level 1 in Summonings
 15422 | Volcano  | Reached skill level 2 in Summonings
 15422 | Volcano  | Reached skill level 5 in Air Magic
 15658 | Lair:4   | Found a viscous altar of Jiyva.
 15659 | Lair:4   | Found a staircase to the Slime Pits.
 16206 | Lair:5   | Entered Level 5 of the Lair of Beasts
 16207 | Lair:5   | magus.rc [v1.10.3]
 16214 | Lair:4   | Reached skill level 11 in Fighting
 16214 | Lair:4   | Reached skill level 9 in Dodging
 16324 | Lair:5   | Reached skill level 3 in Summonings
 16570 | Lair:5   | Reached skill level 4 in Armour
 16633 | Lair:5   | Gained mutation: You are completely covered in sharp
                  | spines. [demonic ancestry]
 16633 | Lair:5   | Reached XP level 14. HP: 120/120 MP: 20/20
 16648 | Lair:5   | Reached skill level 4 in Summonings
 16650 | Lair:5   | Noticed a quicksilver ooze
 16660 | Lair:5   | Killed a quicksilver ooze
 16696 | Lair:5   | Reached skill level 3 in Spellcasting
 16708 | Lair:5   | Noticed a quicksilver ooze
 16876 | Lair:5   | Reached skill level 5 in Summonings
 16901 | Lair:5   | Reached skill level 12 in Fighting
 17242 | Lair:5   | Reached skill level 13 in Fighting
 17446 | Lair:5   | Reached skill level 6 in Air Magic
 17451 | Lair:5   | Reached skill level 4 in Spellcasting
 17698 | Lair:5   | Reached skill level 10 in Dodging
 17870 | Lair:5   | Noticed an azure jelly
 17879 | Lair:5   | Killed an azure jelly
 17889 | Lair:5   | Noticed an azure jelly
 17895 | Lair:5   | Killed an azure jelly
 17924 | Lair:5   | Reached skill level 11 in Dodging
 17942 | Lair:5   | Found a viscous altar of Jiyva.
 18117 | Orc:1    | Entered Level 1 of the Orcish Mines
 18251 | Orc:2    | Entered Level 2 of the Orcish Mines
 18261 | Orc:2    | Found a staircase to the Elven Halls.
 18480 | Orc:2    | Found a gate leading to a gauntlet.
 18527 | Gauntlet | Entered a Gauntlet
 18527 | Gauntlet | Found a runed translucent door.
 18527 | Gauntlet | Found a transporter.
 18527 | Gauntlet | Found a runed translucent door.
 18527 | Gauntlet | Found a transporter.
 18535 | Gauntlet | Found a transporter.
 18539 | Gauntlet | Found a transporter.
 18547 | Gauntlet | Identified the ring "Saumpoyv" {+Blink rC++ Will+ Dex+6}
 18548 | Gauntlet | Found a transporter.
 18551 | Gauntlet | Found a transporter.
 18564 | Gauntlet | Found a transporter.
 18564 | Gauntlet | Identified the amulet of the Tempest {Reflect MP+9 SH+5}
 18580 | Gauntlet | Found a transporter.
 18594 | Gauntlet | Found a transporter.
 18598 | Gauntlet | Found a transporter.
 18606 | Gauntlet | Found a transporter.
 18610 | Gauntlet | Found a transporter.
 18610 | Gauntlet | Identified the ring of Nuoc Miude {*Slow MP+9 Str+7 Dex+3}
 18712 | Gauntlet | Reached ***** piety under Ashenzari
 18817 | Gauntlet | Identified the +0 morningstar "Neemakui" {freeze, rF+
                  | Dex+5}
 18817 | Gauntlet | Identified the ring of the Pure Cities {rC+ Int+3}
 18921 | Orc:1    | Noticed Nergalle
 18923 | Orc:1    | Noticed Josephine
 18973 | Orc:1    | Killed Nergalle
 18974 | Orc:1    | Reached skill level 4 in Evocations
 18974 | Orc:1    | Gained mutation: You are completely covered in icy blue
                  | scales. (AC +4, rC+) [demonic ancestry]
 18974 | Orc:1    | Reached XP level 15. HP: 128/129 MP: 24/24
 18978 | Orc:1    | Killed Josephine
 18979 | Orc:1    | Reached skill level 12 in Dodging
 19607 | Orc:2    | Reached skill level 5 in Evocations
 19752 | Orc:2    | Reached skill level 6 in Evocations
 19854 | Orc:2    | Found Plog's General Store.
 19855 | Orc:2    | Found Futugywn's Jewellery Boutique.
 19857 | Orc:2    | Found Kyosuurch's Antique Armour Boutique.
 19857 | Orc:2    | Found Leacsymo's Antique Weapon Shop.
 19862 | Orc:2    | Bought a pair of embroidered boots for 210 gold pieces
 19877 | Orc:2    | Bought a scroll of enchant weapon for 97 gold pieces
 19879 | Orc:2    | Bought the ring "Naddet" {Fly rElec Int+3 Dex+3 SInv} for
                  | 568 gold pieces
 19879 | Orc:2    | Bought the ring "Xellioth" {*Slow rC+ MP+9 Str+3 Slay+5}
                  | for 724 gold pieces
 20112 | Snake:1  | Entered Level 1 of the Snake Pit
 20161 | Snake:1  | Reached skill level 13 in Dodging
 20203 | Snake:1  | Noticed Louise
 20258 | Snake:1  | Reached skill level 14 in Dodging
 20404 | Snake:1  | Reached skill level 1 in Stealth
 20475 | Snake:1  | Noticed Agnes
 20484 | Snake:1  | Killed Agnes
 20709 | Snake:1  | Reached skill level 3 in Earth Magic
 20794 | Snake:1  | Identified the serpent talisman "Xits" {Str+3}
 20794 | Snake:1  | Noticed Aizul
 20845 | Snake:1  | Killed Aizul
 20846 | Snake:1  | Reached skill level 8 in Shields
 21094 | Snake:2  | Reached skill level 15 in Dodging
 21388 | Snake:2  | Found Kegarr's Armour Boutique.
 21389 | Snake:2  | Found Hadettae's Assorted Antiques.
 21389 | Snake:2  | Found Guzemube's Book Boutique.
 21394 | Snake:2  | Found Lalivex's Armour Shop.
 21409 | Snake:2  | Bought a scroll of blinking for 270 gold pieces
 21409 | Snake:2  | Bought a scroll of teleportation for 108 gold pieces
 21409 | Snake:2  | Bought a scroll of blinking for 270 gold pieces
 21409 | Snake:2  | Bought a potion of curing for 108 gold pieces
 21556 | Snake:2  | Reached skill level 14 in Fighting
 21869 | Snake:3  | Noticed Vashnia
 22047 | Snake:3  | Killed Vashnia
 22048 | Snake:3  | Reached skill level 4 in Earth Magic
 22048 | Snake:3  | Reached XP level 16. HP: 98/139 MP: 23/25
 22143 | Snake:3  | Reached skill level 6 in Summonings
 22252 | Snake:3  | You pick up a book of Storms and begin reading...
 22252 | Snake:3  | You add the spells Static Discharge, Airstrike and Summon
                  | Lightning Spire to your library.
 22297 | Snake:3  | Noticed Donald
 22305 | Snake:3  | Learned a level 4 spell: Summon Lightning Spire
 22350 | Snake:3  | Killed Donald
 22402 | Snake:3  | You pick up a book of Vapours and begin reading...
 22402 | Snake:3  | You add the spells Mercury Vapours, Mephitic Cloud and
                  | Freezing Cloud to your library.
 22772 | D:10     | Killed zenocrate's ghost
 23018 | D:4      | Bought a potion of heal wounds for 70 gold pieces
 23018 | D:4      | Bought a potion of heal wounds for 70 gold pieces
 23018 | D:4      | Bought a scroll of enchant weapon for 105 gold pieces
 23018 | D:4      | Bought 2 potions of curing for 84 gold pieces
 23225 | D:8      | Killed Jeremiah
 23271 | D:12     | Found Tocits's Magic Scroll Shop.
 23352 | D:12     | You add the spells Sting and Olgreb's Toxic Radiance to
                  | your library.
 23496 | D:12     | Reached skill level 7 in Summonings
 23615 | D:12     | Reached skill level 15 in Fighting
 23874 | D:13     | You pick up a book of Decay and begin reading...
 23874 | D:13     | You add the spells Cigotuvi's Dreadful Rot, Dispel Undead,
                  | Martyr's Knell and Death Channel to your library.
 24121 | D:13     | Found Nema's Magic Scroll Shoppe.
 24131 | D:13     | Bought a scroll of butterflies for 60 gold pieces
 24303 | D:4      | Bought a scroll of enchant weapon for 90 gold pieces
 24517 | D:13     | You pick up a book of Winter and begin reading...
 24517 | D:13     | You add the spells Ozocubu's Armour, Metabolic Englaciation
                  | and Sculpt Simulacrum to your library.
 24552 | D:13     | Found a gate to the Vaults.
 24575 | D:13     | Reached skill level 16 in Fighting
 24812 | D:13     | Found Ibimeri's Antique Weapon Emporium.
 24913 | D:13     | Found a hazy altar of Hepliaklqana.
 24915 | D:13     | Found a bloodstained altar of Trog.
 24915 | D:13     | Found a shimmering altar of Xom.
 24917 | D:13     | Found a shadowy altar of Dithmenos.
 24917 | D:13     | Found a bloodstained altar of Trog.
 25242 | D:13     | Reached skill level 17 in Fighting
 25244 | D:13     | Identified the Guide on the Dragon and the Damned
 25259 | D:13     | You add the spells Necrotise and Fire Storm to your
                  | library.
 25686 | D:14     | Found a sparkling altar of Nemelex Xobeh.
 25847 | D:14     | Noticed Lodul
 25857 | D:14     | Killed Lodul
 25874 | D:14     | Gained mutation: When low on magic, you restore magic in
                  | place of health. [demonic ancestry]
 25874 | D:14     | Reached XP level 17. HP: 153/153 MP: 26/26
 26111 | D:15     | Entered Level 15 of the Dungeon
 26118 | D:15     | Reached skill level 5 in Earth Magic
 26131 | D:15     | Noticed Jorgrun
 26140 | D:15     | Killed Jorgrun
 26153 | D:15     | Noticed Rupert
 26171 | D:15     | Killed Rupert
 26172 | D:15     | Reached skill level 9 in Shields
 26172 | D:15     | Reached skill level 8 in Summonings
 26335 | D:15     | Found a runed translucent gate.
 26335 | D:15     | Found a runed translucent gate.
 26335 | D:15     | Found a runed translucent gate.
 26335 | D:15     | Noticed Gerimuc's ghost (journeyman SpEn)
 26337 | D:15     | Found a basalt altar of Yredelemnul.
 26405 | D:15     | Found a broken altar of Ashenzari.
 26911 | D:15     | Reached skill level 6 in Earth Magic
 27062 | D:15     | Found a staircase to the Depths.
 27373 | D:15     | Killed Gerimuc's ghost
 27545 | Shoals:1 | Entered Level 1 of the Shoals
 27546 | Shoals:1 | magus.rc [v1.10.3]
 27662 | Shoals:1 | Reached skill level 5 in Throwing
 28126 | Shoals:2 | Noticed a kraken
 28126 | Shoals:2 | Noticed a kraken
 28126 | Shoals:2 | Noticed a kraken
 28126 | Shoals:2 | Noticed a kraken
 28141 | Shoals:2 | Killed a kraken
 28142 | Shoals:2 | Reached skill level 5 in Armour
 28142 | Shoals:2 | Reached skill level 5 in Spellcasting
 28195 | Shoals:2 | Reached ****** piety under Ashenzari
 28213 | Shoals:2 | Killed a kraken
 28247 | Shoals:2 | Killed a kraken
 28248 | Shoals:2 | Reached skill level 2 in Stealth
 28271 | Shoals:2 | Killed a kraken
 29052 | Shoals:3 | Reached skill level 18 in Fighting
 29173 | Shoals:3 | Reached XP level 18. HP: 162/162 MP: 29/29
 29363 | Shoals:3 | Identified the Secrets of Spellbinding and Attendants
 29395 | Shoals:3 | You add the spells Summon Small Mammal and Silence to your
                  | library.
 29589 | Shoals:4 | Entered Level 4 of the Shoals
 29641 | Shoals:4 | Paralysed by an air elemental for 1 turns
 29860 | Shoals:4 | Found a snail-covered altar of Cheibriados.
 29895 | Shoals:4 | Reached skill level 19 in Fighting
 29983 | Shoals:4 | Reached skill level 6 in Spellcasting
 30304 | Shoals:4 | You pick up a book of Unlife and begin reading...
 30304 | Shoals:4 | You add the spells Animate Dead and Borgnjor's Vile Clutch
                  | to your library.
 30355 | Shoals:4 | Reached skill level 1 in Conjurations
 30355 | Shoals:4 | Reached skill level 7 in Evocations
 30366 | Shoals:4 | Got a barnacled rune of Zot
 30368 | Shoals:4 | You pick up a book of Blood and begin reading...
 30368 | Shoals:4 | You add the spells Call Imp, Sublimation of Blood and
                  | Summon Hydra to your library.
 30400 | Shoals:4 | Reached skill level 3 in Stealth
 30400 | Shoals:4 | Reached skill level 1 in Ice Magic
 30529 | Shoals:4 | Reached skill level 2 in Conjurations
 30597 | Shoals:4 | Reached skill level 2 in Ice Magic
 30783 | Snake:1  | Killed Louise
 31153 | Snake:3  | You pick up a book of Callings and begin reading...
 31153 | Snake:3  | You add the spells Call Canine Familiar and Summon
                  | Blazeheart Golem to your library.
 31332 | Snake:4  | Entered Level 4 of the Snake Pit
 31336 | Snake:4  | Noticed Asterion
 31348 | Snake:4  | Killed Asterion
 31349 | Snake:4  | Reached skill level 3 in Conjurations
 31527 | Snake:4  | Reached skill level 3 in Ice Magic
 31653 | Snake:4  | Found a glacial archway.
 31730 | Snake:4  | Learned a level 5 spell: Freezing Cloud
 31734 | IceCv    | Entered an ice cave
 31787 | IceCv    | Reached skill level 4 in Conjurations
 31789 | IceCv    | Identified the ring "Lonun" {+Blink rN+}
 31801 | IceCv    | Identified Nuqomp's Octavo of the Chill
 31996 | IceCv    | Reached skill level 4 in Ice Magic
 32031 | IceCv    | Found a viscous altar of Jiyva.
 32071 | IceCv    | Identified the ring "Oprosiqa" {Int+4 Dex+6}
 32199 | Snake:4  | Reached skill level 5 in Conjurations
 32199 | Snake:4  | Gained mutation: You have a pair of horns on your head.
                  | [demonic ancestry]
 32199 | Snake:4  | Reached XP level 19. HP: 166/172 MP: 32/32
 32593 | Snake:4  | Found Gumova's Jewellery Shop.
 32725 | Snake:4  | Reached skill level 6 in Conjurations
 33038 | Snake:4  | Reached skill level 16 in Dodging
 33050 | Snake:4  | Reached skill level 7 in Conjurations
 33239 | Snake:4  | Got a serpentine rune of Zot
 33715 | Vaults:1 | Entered Level 1 of the Vaults
 33735 | Vaults:1 | Reached skill level 8 in Conjurations
 33780 | Vaults:1 | Reached skill level 5 in Ice Magic
 33869 | Vaults:1 | Reached skill level 7 in Air Magic
 34356 | Vaults:1 | Reached skill level 6 in Ice Magic
 34463 | Vaults:1 | Identified the +3 chain mail of Hide-and-Seek {rPois rF+
                  | rC+ Str+2}
 34668 | Vaults:1 | Reached skill level 9 in Conjurations
 34732 | Vaults:1 | Reached skill level 8 in Air Magic
 35200 | D:13     | Bought the +2 Maxwell's thermic engine {flame, freeze, rev}
                  | for 1496 gold pieces
 35200 | D:13     | Found the +2 Maxwell's thermic engine {flame, freeze, rev}
 35404 | Vaults:2 | Paralysed by a sphinx for 2 turns
 35418 | Vaults:2 | Reached skill level 6 in Armour
 35428 | Vaults:2 | Reached skill level 7 in Ice Magic
 35533 | Vaults:2 | Identified the cursed +2 cloak of Ashenzari's Mutualism
                  | {rF+, Fort, Elem} (You found it in a volcano)
 35533 | Vaults:2 | Identified the cursed +2 hat "Fetters of Ashenzari" {Fort,
                  | Melee} (You took it off Gastronok on level 9 of the
                  | Dungeon)
 35533 | Vaults:2 | Identified the cursed +0 pair of gloves "Shattered With Me"
                  | {Range, Cun} (You found it on level 1 of the Dungeon)
 35533 | Vaults:2 | Identified the cursed +2 pair of boots of the Prophetic
                  | Empyrean {rampage, Cun, Comp} (You bought it in a shop on
                  | level 2 of the Orcish Mines)
 35533 | Vaults:2 | Identified the cursed +3 kite shield "Regret of Ashenzari"
                  | {AC+3, Comp, Self} (You took it off a naga warrior on level
                  | 2 of the Snake Pit)
 35533 | Vaults:2 | Identified the cursed +4 swamp dragon scales "Tethered With
                  | Me" {rPois, Fort, Melee} (You found it in a Gauntlet)
 35553 | Vaults:2 | Gained mutation: You punish those that try to bend your
                  | will. (Will+) [demonic ancestry]
 35553 | Vaults:2 | Reached XP level 20. HP: 180/180 MP: 33/33
 35721 | Vaults:2 | Found a staircase to the Crypt.
 35721 | Vaults:2 | Found a basalt altar of Yredelemnul.
 35722 | Vaults:2 | Found an ancient bone altar of Kikubaaqudgha.
 35939 | Vaults:2 | You pick up a book of Debilitation and begin reading...
 35939 | Vaults:2 | You add the spells Slow, Sigil of Binding, Vampiric
                  | Draining and Confusing Touch to your library.
 35969 | Vaults:2 | Reached skill level 9 in Air Magic
 36187 | Vaults:2 | Reached skill level 7 in Armour
 36778 | Vaults:3 | Paralysed by a formless jellyfish for 1 turns
 37088 | Vaults:3 | Reached skill level 8 in Armour
 37128 | Vaults:3 | Reached skill level 10 in Air Magic
 37228 | Vaults:3 | Noticed Norris
 37243 | Vaults:3 | Killed Norris
 37255 | Vaults:3 | a +0 eveningstar {rare}; a skyshark corpse
 37287 | Vaults:3 | Reached skill level 9 in Armour
 37542 | Vaults:3 | Found Biasch's Weapon Shop.
 37642 | Vaults:3 | Reached skill level 10 in Armour
 37654 | Vaults:3 | You pick up a book of the Dragon and begin reading...
 37654 | Vaults:3 | You add the spells Fireball and Dragon's Call to your
                  | library.
 37668 | Vaults:3 | Noticed Saint Roka
 37703 | Vaults:3 | Killed Saint Roka
 37966 | Vaults:3 | Reached skill level 6 in Throwing
 38001 | Vaults:3 | You pick up a book of Geomancy and begin reading...
 38001 | Vaults:3 | You add the spells Sandblast and Brom's Barrelling Boulder
                  | to your library.
 38217 | Vaults:3 | Found the +5 glaive of the Guard {elec, spectral}
 38261 | Vaults:3 | Reached skill level 11 in Armour
 38295 | Vaults:3 | Reached skill level 7 in Throwing
 38384 | Vaults:3 | You pick up a book of Spatial Translocations and begin
                  | reading...
 38384 | Vaults:3 | You add the spells Blink, Momentum Strike and Lesser
                  | Beckoning to your library.
 38522 | Vaults:4 | You pick up a book of Spontaneous Combustion and begin
                  | reading...
 38522 | Vaults:4 | You add the spells Irradiate and Ignition to your library.
 38531 | Vaults:4 | Reached XP level 21. HP: 184/184 MP: 33/33
 38645 | Vaults:4 | Identified the +6 scimitar of the Singing Big Fish {flame,
                  | Fly rF- rC+}
 38855 | Vaults:4 | Reached skill level 8 in Throwing
 38877 | Vaults:4 | Identified the +0 robe of Haysho {Int+3}
 39124 | Vaults:4 | Reached skill level 9 in Throwing
 39255 | Vaults:4 | Reached skill level 10 in Throwing
 39614 | Vaults:5 | Entered Level 5 of the Vaults
 39615 | Vaults:5 | Identified the orb of the Old World {*channel, ^Contam
                  | Rampage Fly Hexes Tloc}
 39615 | Vaults:5 | Noticed Frederick
 39621 | Vaults:5 | Reached skill level 11 in Throwing
 39717 | Crypt:1  | Entered Level 1 of the Crypt
 39719 | Crypt:1  | Noticed a curse skull
 39729 | Crypt:1  | Killed a curse skull
 40132 | Crypt:1  | Reached skill level 12 in Throwing
 40440 | Crypt:1  | You pick up a book of Blasting and begin reading...
 40440 | Crypt:1  | You add the spells Volatile Blastmotes, Fulminant Prism and
                  | Iskenderun's Mystic Blast to your library.
 40686 | Crypt:2  | Found a magical portal.
 40748 | WizLab   | Entered Eringya's Formal Garden
 40878 | WizLab   | You pick up a book of Displacement and begin reading...
 40940 | WizLab   | Reached skill level 10 in Shields
 41010 | WizLab   | Reached XP level 22. HP: 196/196 MP: 36/36
 41013 | WizLab   | Identified the +12 quarterstaff "Ifahowk" {spect, rC+ rN+
                  | Int+4}
 41340 | WizLab   | Reached skill level 1 in Shapeshifting
 41409 | WizLab   | Identified Eringya's Parchment of Synthesis
 41413 | WizLab   | Found a blossoming altar of Fedhas.
 41417 | WizLab   | You pick up a book of Armaments and begin reading...
 41439 | WizLab   | You pick up a book of Blasting and begin reading...
 41451 | WizLab   | You pick up a book of Transmutation and begin reading...
 41827 | Crypt:2  | Reached skill level 8 in Ice Magic
 41972 | Crypt:2  | Acquired the +0 pair of gloves "Molle" {Will+ Int+6 Dex+2}
 42106 | Crypt:2  | Reached skill level 2 in Shapeshifting
 42193 | Crypt:2  | Noticed Jory
 42201 | Crypt:2  | Killed Jory
 42490 | Crypt:3  | Entered Level 3 of the Crypt
 42770 | Crypt:3  | Reached skill level 3 in Shapeshifting
 42841 | Crypt:3  | Found a staircase to the Tomb.
 43206 | Crypt:3  | Reached skill level 10 in Conjurations
 43411 | Crypt:3  | Reached skill level 9 in Ice Magic
 43432 | Crypt:3  | Reached skill level 4 in Shapeshifting
 43769 | Crypt:3  | Noticed a royal mummy
 43779 | Crypt:3  | Killed a royal mummy
 44433 | Crypt:3  | Found a basalt altar of Yredelemnul.
 44435 | Crypt:3  | Identified the +0 great sword "Cufulum" {heavy, rElec Will-
                  | Str+6 SInv}
 44435 | Crypt:3  | Identified +0 gold dragon scales
 44440 | Crypt:3  | Found an ancient bone altar of Kikubaaqudgha.
 44441 | Crypt:3  | a mummy priest comes into view. It is wielding the +8
                  | Vampire's Tooth {megavamp}.
 44456 | Crypt:3  | Reached skill level 5 in Shapeshifting
 44614 | Crypt:3  | a +1 orcbow of draining; +0 gold dragon scales {rare}; an
                  | amulet of magic regeneration
 44640 | Crypt:3  | Identified the staff of Tortfeasance {^Fragile rPois rN+++
                  | Dex-5 Conj Alchemy}
 44641 | Crypt:3  | Identified the +2 glaive "Hosuc" {freeze, Str+2}
 44641 | Crypt:3  | Identified the +2 ring mail of Morality {SInv}
 44668 | Crypt:3  | Identified the ring of Kitad {rPois rN+ Dex+3 Stlth+}
 44668 | Crypt:3  | Identified the amulet of the Townfolk {rElec Will++ Regen+}
 44668 | Crypt:3  | Identified the ring of Satisfaction {rC++ rN+ Will- Dex+8
                  | Slay-5}
 45135 | Slime:1  | Entered Level 1 of the Pits of Slime
 45185 | Lair:4   | Reached skill level 11 in Conjurations
 45945 | Slime:3  | Reached skill level 6 in Shapeshifting
 46224 | Slime:3  | Reached skill level 7 in Shapeshifting
 46293 | Slime:4  | Gained mutation: You have a pair of large horns on your
                  | head. [demonic ancestry]
 46293 | Slime:4  | Reached XP level 23. HP: 171/202 MP: 37/37
 46515 | Slime:5  | Entered Level 5 of the Pits of Slime
 46574 | Slime:5  | Reached skill level 13 in Throwing
 46725 | Slime:5  | Identified the Spellbook of Lithic Toxicity
 46792 | Slime:5  | magus.rc [v1.10.3]
 46927 | Slime:5  | Identified the +2 trident of Inconvenience {freeze, rC+
                  | Int+2}
 46939 | Slime:5  | Found a viscous altar of Jiyva.
 47277 | Slime:5  | Identified the +10 shortbow "Kiruril" {speed, rElec Will++}
 47372 | Slime:5  | Noticed the Royal Jelly
 47389 | Slime:5  | Killed the Royal Jelly
 47390 | Slime:5  | Reached skill level 11 in Air Magic
 47436 | Slime:4  | Reached skill level 8 in Shapeshifting
 47752 | Slime:5  | Reached skill level 10 in Ice Magic
 47766 | Slime:5  | You pick up a book of Conjurations and begin reading...
 47766 | Slime:5  | You add the spells Magic Dart and Searing Ray to your
                  | library.
 47777 | Slime:5  | You pick up a book of Unlife and begin reading...
 47823 | Slime:5  | Gained mutation: You sometimes lose your temper in combat.
                  | [a shining eye]
 47826 | Slime:5  | Gained mutation: You are vulnerable to heat. (rF-) [a
                  | shining eye]
 47903 | Slime:5  | Got a slimy rune of Zot
 47905 | Slime:5  | You pick up a book of Storms and begin reading...
 47909 | Slime:5  | You pick up a book of Conjurations and begin reading...
 48224 | Depths:1 | Entered Level 1 of the Depths
 48283 | D:15     | magus.rc [v1.10.3]
 48804 | Tomb:1   | Entered Level 1 of the Tomb of the Ancients
 49510 | Tomb:1   | Lost mutation: You are vulnerable to heat. (rF-) [potion of
                  | mutation]
 49510 | Tomb:1   | Lost mutation: You sometimes lose your temper in combat.
                  | [potion of mutation]
 49510 | Tomb:1   | Gained mutation: You are occasionally teleported next to
                  | monsters. [potion of mutation]
 49510 | Tomb:1   | Gained mutation: You have large cloven feet. [potion of
                  | mutation]
 49510 | Tomb:1   | Gained mutation: Your magical capacity is low. (-10% MP)
                  | [potion of mutation]
 49588 | Crypt:3  | Lost mutation: Your magical capacity is low. (-10% MP)
                  | [potion of mutation]
 49588 | Crypt:3  | Lost mutation: You have large cloven feet. [potion of
                  | mutation]
 49588 | Crypt:3  | Lost mutation: You are occasionally teleported next to
                  | monsters. [potion of mutation]
 49588 | Crypt:3  | Gained mutation: Your spells are a little easier to cast,
                  | but a little less powerful. [potion of mutation]
 49926 | Elf:1    | Entered Level 1 of the Elven Halls
 50174 | Elf:1    | Identified Hynwidebi's Precepts of Called Battling
 50270 | Elf:1    | Identified the Codex of Beckoning
 50874 | Elf:2    | Found Omigushru's Jewellery Shoppe.
 50918 | Elf:2    | You pick up a book of Misfortune and begin reading...
 50918 | Elf:2    | You add the spells Jinxbite and Yara's Violent Unravelling
                  | to your library.
 50931 | Elf:2    | Found Kooduikh's Distillery.
 50959 | Elf:2    | Bought a potion of curing for 51 gold pieces
 50959 | Elf:2    | Bought a potion of heal wounds for 85 gold pieces
 50959 | Elf:2    | Bought a potion of haste for 170 gold pieces
 51002 | Elf:2    | Found Etol's Distillery.
 51037 | Elf:2    | Bought 2 potions of mutation for 256 gold pieces
 51037 | Elf:2    | Bought a potion of heal wounds for 80 gold pieces
 51039 | Elf:2    | You pick up a book of Spontaneous Combustion and begin
                  | reading...
 51229 | D:10     | You paid a toll of 12 potions of heal wounds to enter a
                  | treasure trove
 51230 | Trove    | Entered a treasure trove
 51240 | Trove    | Identified the +1 pair of boots "Maluf" {Rampage}
 51262 | Trove    | Identified the ring of Law {rF+ AC+4 SInv}
 51816 | Elf:2    | Found Kagul's Magic Scroll Emporium.
 51829 | Elf:2    | Bought a scroll of blinking for 90 gold pieces
 51969 | Elf:2    | Found a huge runed translucent gate.
 51969 | Elf:2    | Found a huge runed translucent gate.
 51969 | Elf:2    | Found a huge runed translucent gate.
 51972 | Elf:2    | Found a huge runed translucent gate.
 51972 | Elf:2    | Found a huge runed translucent gate.
 52051 | Elf:2    | Reached skill level 12 in Conjurations
 52060 | Elf:2    | Found Esomuz's Antique Weapon Boutique.
 52181 | Elf:2    | Reached skill level 9 in Shapeshifting
 52359 | Elf:2    | F - a +1 triple sword of flaming {rare}
 52361 | Elf:2    | You drop a +1 triple sword of flaming {rare}.
 52540 | Elf:3    | Entered Level 3 of the Elven Halls
 52782 | Elf:3    | Reached skill level 10 in Shapeshifting
 53219 | Elf:3    | Gained mutation: You are resistant to unholy torment.
                  | [demonic ancestry]
 53219 | Elf:3    | Reached XP level 24. HP: 141/210 MP: 37/37
 53394 | Elf:3    | Reached skill level 11 in Shapeshifting
 53407 | Elf:3    | a deep elf demonologist comes into view. It is wielding the
                  | +8 autumn katana {manifold assault}.
 53446 | Elf:3    | Identified the +0 leather armour of Howling Wind {Harm rN+
                  | Int+3}
 53446 | Elf:3    | Identified the ring "Kabateashri" {rC+ Str+3}
 53714 | Elf:3    | Identified the +5 longbow of the Enchanting Priest {heavy,
                  | rF+ Int+2 SInv}
 53720 | Elf:3    | a deep elf annihilator comes into view. It is wielding the
                  | +12 glaive of Prune {freeze, Prune}.
 53735 | Elf:3    | Identified the +5 dagger of Temperance {freeze, rElec Int+5
                  | Dex+3}
 53748 | Elf:3    | You pick up a book of the Warp and begin reading...
 53758 | Elf:3    | You pick up a book of Sloth and begin reading...
 53765 | Elf:3    | You pick up a book of Party Tricks and begin reading...
 53765 | Elf:3    | You add the spells Apportation and Alistair's Intoxication
                  | to your library.
 53769 | Elf:3    | Identified the Anthology of Lithic Hexing
 53799 | Elf:3    | You pick up a book of the Hunter and begin reading...
 54247 | Depths:1 | Reached skill level 12 in Shapeshifting
 54328 | Depths:1 | Noticed Bai Suzhen
 54336 | Depths:1 | Killed Bai Suzhen
 54372 | Depths:1 | Found an ancient bone altar of Kikubaaqudgha.
 54604 | Depths:1 | Identified the +1 chain mail of Blue Skies {Harm Int+4}
 54830 | Depths:1 | quicksilver dragon scales {rare}; a quicksilver dragon
                  | corpse
 54905 | Depths:1 | Reached skill level 13 in Shapeshifting
 55208 | Depths:1 | quicksilver dragon scales {rare}; a quicksilver dragon
                  | skeleton
 55249 | Depths:1 | Found a gateway to Hell.
 55386 | Depths:2 | Found a one-way gate leading to the halls of Pandemonium.
 55557 | Depths:2 | You pick up a book of the Tundra and begin reading...
 55557 | Depths:2 | You add the spells Hailstorm and Summon Ice Beast to your
                  | library.
 55591 | Depths:2 | You pick up a book of Air and begin reading...
 55729 | Depths:2 | Found a one-way gateway to a ziggurat.
 56310 | Depths:2 | Reached skill level 14 in Shapeshifting
 56380 | Depths:2 | Found a one-way gate to the infinite horrors of the Abyss.
 56459 | Depths:2 | Noticed a juggernaut
 56476 | Depths:2 | Killed a juggernaut
 56571 | Depths:2 | Identified +0 gold dragon scales
 56644 | Depths:2 | Reached skill level 15 in Shapeshifting
 56644 | Depths:2 | Identified the ring of Music {rC+ rN+ Int+4}
 56647 | Depths:2 | You pick up a book of Minor Magic and begin reading...
 56864 | Depths:3 | Found a shimmering blue altar of Sif Muna.
 56955 | Depths:3 | Found Xuumuck's Weapon Shoppe.
 57007 | Depths:3 | Found Vigir's Weapon Shoppe.
 57607 | Depths:3 | Reached XP level 25. HP: 210/216 MP: 37/37
 57728 | Depths:3 | Noticed a juggernaut
 57737 | Depths:3 | Reached skill level 16 in Shapeshifting
 57739 | Depths:3 | Killed a juggernaut
 57845 | Depths:3 | Identified the +6 great mace of the Shouting Visionary
                  | {flame, +Blink Fly MP+9}
 57888 | Depths:3 | You pick up a book of Necromancy and begin reading...
 58041 | Depths:4 | Entered Level 4 of the Depths
 58042 | Depths:4 | Noticed a juggernaut
 58064 | Depths:3 | Killed a juggernaut
 58110 | Depths:4 | Identified +9 gold dragon scales
 58110 | Depths:4 | Noticed Parghit
 58125 | Depths:4 | Killed Parghit
 58145 | Depths:4 | 2 large rocks {=f}; +9 gold dragon scales {rare}
 58295 | Depths:4 | Reached skill level 17 in Shapeshifting
 59084 | Depths:4 | Found a gate to the Realm of Zot.
 59316 | Depths:3 | Voluntarily entered the Abyss.
 59436 | Abyss:1  | Noticed a pearl dragon
 59447 | Abyss:1  | Killed a pearl dragon
 59509 | Depths:3 | You pass through the gate.
 59509 | Depths:3 | Escaped the Abyss
 59575 | Hell     | Entered the Vestibule of Hell
 59575 | Hell     | Noticed Geryon
 60025 | Vaults:5 | Noticed a dread lich
 60040 | Vaults:5 | Killed a dread lich
 60131 | Vaults:5 | Gained mutation: You occasionally lose the ability to drink
                  | potions when taking damage. [a shining eye]
 60158 | Vaults:5 | Reached skill level 15 in Long Blades
 60352 | Vaults:5 | +0 shadow dragon scales {rare}; a shadow dragon corpse
 60524 | Vaults:5 | Reached skill level 16 in Long Blades
 60525 | Vaults:5 | Identified the +6 scale mail "Tecrurefi" {Rampage Int+3}
 60569 | Vaults:5 | Reached skill level 11 in Shields
 60594 | Vaults:5 | Reached skill level 14 in Throwing
 60904 | Vaults:5 | Identified the +0 ring mail of Daffodils {Int+2 Dex+3}
 60912 | Vaults:5 | Noticed an ancient lich
 60925 | Vaults:5 | Killed an ancient lich
 60936 | Vaults:5 | Reached XP level 26. HP: 191/228 MP: 37/37
 61010 | Vaults:5 | Identified the +3 ring mail "Minaeshra" {rC+ Will+ Stlth+}
 61016 | Vaults:5 | Got a silver rune of Zot
 61130 | Vaults:5 | Identified the +0 ring mail of Death's Door {Regen+}
 61167 | Vaults:5 | Killed Frederick
 61203 | Vaults:5 | You pick up a book of the Warp and begin reading...
 61206 | Vaults:5 | Identified the staff of Demonkind {rElec Conj}
 61242 | Vaults:5 | You pick up a book of Armaments and begin reading...
 61458 | Vaults:5 | Identified Asmodeus's Precepts of Percussion
 61465 | Vaults:5 | You add the spells Arcjolt and Bombard to your library.
 61493 | Vaults:5 | Identified the ring "Mavon" {rC+ Dex+2}
 61819 | Vaults:5 | Identified the +9 war axe of Gehenna {antimagic, *Rage
                  | +Blink rF+}
 62077 | Vaults:5 | Identified the Handbook of Leaden Immolation
 62465 | Zot:1    | Entered Level 1 of the Realm of Zot
 62484 | Zot:1    | Noticed an electric golem
 62561 | Zot:1    | Killed an electric golem
 63017 | Zot:1    | You pick up a book of Spatial Translocations and begin
                  | reading...
 63221 | Zot:1    | Noticed Hicanoach's ghost (master DsGl)
 63254 | Zot:1    | Noticed a curse toe
 63254 | Zot:1    | Noticed an electric golem
 63255 | Zot:1    | Found a runed translucent gate.
 63255 | Zot:1    | Found a runed translucent gate.
 63255 | Zot:1    | Found a runed translucent gate.
 63272 | Zot:1    | Noticed Vv
 63289 | Zot:1    | Killed Vv
 63420 | Zot:1    | Reached skill level 17 in Dodging
 63642 | Zot:1    | Reached skill level 20 in Fighting
 63785 | Zot:1    | Reached skill level 15 in Throwing
 64203 | Zot:2    | Found a huge runed translucent gate.
 64203 | Zot:2    | Found a huge runed translucent gate.
 64203 | Zot:2    | Found a huge runed translucent gate.
 64212 | Zot:2    | Found a huge runed translucent gate.
 64213 | Zot:2    | Found a huge runed translucent gate.
 64213 | Zot:2    | Found a huge runed translucent gate.
 64214 | Zot:2    | Found a huge runed translucent gate.
 64214 | Zot:2    | Found a huge runed translucent gate.
 64214 | Zot:2    | Found a huge runed translucent gate.
 64214 | Zot:2    | Found a huge runed translucent gate.
 64214 | Zot:2    | Found a huge runed translucent gate.
 64215 | Zot:2    | Found a huge runed translucent gate.
 64216 | Zot:2    | Found a huge runed translucent gate.
 64217 | Zot:2    | Found a huge runed translucent gate.
 64218 | Zot:2    | Found a huge runed translucent gate.
 64219 | Zot:2    | Found a huge runed translucent gate.
 64219 | Zot:2    | Found a huge runed translucent gate.
 64223 | Zot:2    | Found a huge runed translucent gate.
 64224 | Zot:2    | Found a huge runed translucent gate.
 64225 | Zot:2    | Found a huge runed translucent gate.
 64225 | Zot:2    | Found a huge runed translucent gate.
 64225 | Zot:2    | Found a huge runed translucent gate.
 64227 | Zot:2    | Found a huge runed translucent gate.
 64276 | Zot:2    | Found a huge runed translucent gate.
 64276 | Zot:2    | Found a huge runed translucent gate.
 64277 | Zot:2    | Found a huge runed translucent gate.
 64278 | Zot:2    | Found a huge runed translucent gate.
 64279 | Zot:2    | Found a huge runed translucent gate.
 64280 | Zot:2    | Found a huge runed translucent gate.
 64318 | Zot:2    | Found a huge runed translucent gate.
 64319 | Zot:2    | Found a huge runed translucent gate.
 64320 | Zot:2    | Found a huge runed translucent gate.
 64320 | Zot:2    | Found a huge runed translucent gate.
 64323 | Zot:2    | Found a huge runed translucent gate.
 64325 | Zot:2    | Found a huge runed translucent gate.
 64325 | Zot:2    | Found a huge runed translucent gate.
 64786 | Zot:2    | Noticed an electric golem
 64795 | Zot:2    | Killed an electric golem
 64916 | Zot:3    | Noticed an electric golem
 64971 | Zot:2    | +0 storm dragon scales {rare}; a storm dragon corpse
 65030 | Zot:3    | +0 storm dragon scales {rare}; a storm dragon corpse
 65697 | Zot:3    | Killed an electric golem
 65880 | Zot:3    | Reached skill level 16 in Throwing
 66135 | Zot:4    | Reached skill level 18 in Dodging
 66195 | Zot:4    | Noticed a curse toe
 66680 | Zot:4    | Gained mutation: You can hurl damnation. [demonic ancestry]
 66680 | Zot:4    | Reached XP level 27. HP: 228/238 MP: 37/37
 67662 | Zot:4    | Noticed a curse toe
 67681 | Zot:4    | Killed a curse toe
 67895 | Zot:4    | Killed a curse toe
 68100 | Zot:4    | Reached skill level 17 in Throwing
 68120 | Zot:4    | Noticed a curse toe
 68128 | Zot:4    | Killed a curse toe
 68150 | Zot:4    | Noticed a curse toe
 68160 | Zot:4    | Killed a curse toe
 68189 | Zot:4    | Identified the Grimoire of Impurities and Spooky Action
 68366 | Zot:5    | Entered Level 5 of the Realm of Zot
 68744 | Zot:5    | Reached skill level 19 in Dodging
 68957 | Zot:5    | Found a transporter.
 68961 | Zot:5    | Found a transporter.
 69376 | Zig:1    | Entered Level 1 of a ziggurat
 69392 | Zig:2    | Entered Level 2 of a ziggurat
 69395 | Zig:2    | Identified Tucrugrang's Octavo of Frosty Conflagration
 69418 | Zig:3    | Entered Level 3 of a ziggurat
 69428 | Zig:3    | 41 gold pieces; quicksilver dragon scales {rare}; a
                  | quicksilver dragon corpse
 69439 | Zig:3    | quicksilver dragon scales {rare}; a quicksilver dragon
                  | corpse
 69451 | Zig:4    | Entered Level 4 of a ziggurat
 69476 | Zig:4    | You pick up a book of Blasting and begin reading...
 69485 | Zig:4    | Acquired the +9 tower shield of Vehumet's Hope {Fly rC+
                  | Str+2 Dex+2}
 69496 | Zig:5    | Entered Level 5 of a ziggurat
 69499 | Zig:5    | Identified the Papyrus of the Tincture
 69520 | Zig:5    | Reached skill level 12 in Shields
 69557 | Zig:5    | You pick up a book of Burglary and begin reading...
 69565 | Zig:6    | Entered Level 6 of a ziggurat
 69570 | Zig:6    | Identified the +3 shortbow of a Thousand Xeniums {freeze,
                  | Fly rElec Str+3}
 69605 | Zig:6    | Found the amulet of the Air {Inacc Air Fly rElec RMsl}
 69746 | Zig:7    | Entered Level 7 of a ziggurat
 69752 | Zig:7    | Identified the Parchment of the Mob
 69752 | Zig:7    | Identified the +1 giant spiked club of Ignis, Leaping
                  | {flame, +Blink rN+ Will- SInv}
 69752 | Zig:7    | Identified a potion of experience
 69772 | Zig:7    | HP: 53/237 [mummy priest/divine providence (11)]
 69805 | Depths:2 | Reached skill level 18 in Throwing
 70304 | Zot:5    | Found a transporter.
 70308 | Zot:5    | Found a transporter.
 70351 | Zot:5    | Found a transporter.
 70352 | Zot:5    | Found a transporter.
 70368 | Zot:5    | quicksilver dragon scales {rare}; a quicksilver dragon
                  | corpse
 70370 | Zot:5    | quicksilver dragon scales {rare}; a quicksilver dragon
                  | corpse
 70407 | Zot:5    | quicksilver dragon scales {rare}; a quicksilver dragon
                  | corpse
 70668 | Zot:5    | Noticed a curse toe
 70680 | Zot:5    | Killed a curse toe
 70753 | Zot:5    | Noticed an orb of fire
 70768 | Zot:5    | Gained mutation: You are dopey. (Int -2) [an orb of fire]
 70775 | Zot:5    | Killed an orb of fire
 70776 | Zot:5    | Reached skill level 13 in Shields
 70778 | Zot:5    | Noticed an electric golem
 70780 | Zot:5    | Noticed an orb of fire
 70788 | Zot:5    | Gained mutation: Your spells are easier to cast, but less
                  | powerful. [an orb of fire]
 70796 | Zot:5    | Killed an orb of fire
 70813 | Zot:5    | Killed an electric golem
 71082 | Zot:5    | Noticed an ancient lich
 71083 | Zot:5    | Noticed a dread lich
 71085 | Zot:5    | Noticed a dread lich
 71104 | Zot:5    | Got the Orb of Zot
 71120 | Zot:5    | Noticed a dread lich
 71628 | D:3      | Noticed Demnub the pandemonium lord
 71645 | D:2      | Noticed Mizyt the pandemonium lord
 71667 | D:$      | Escaped with the Orb!

Vanquished Creatures
  the Royal Jelly (Slime:5)
  Frederick (Vaults:5)
  A dread lich (Vaults:5)
  2 orbs of fire (Zot:5)
  An ancient lich (Vaults:5)
  3 juggernauts
  Vv (Zot:1)
  A royal mummy (Crypt:3)
  A Killer Klown (Zot:3)
  Bai Suzhen (Depths:1)
  Parghit (Depths:4)
  5 curse toes
  Saint Roka (Vaults:3)
  Vashnia (Snake:3)
  Jory (Crypt:2)
  8 golden dragons
  A profane servitor (Crypt:3)
  Norris (Vaults:3)
  A pearl dragon (Abyss:1)
  A Brimstone Fiend (D:5)
  4 electric golems
  Jorgrun (D:15)
  6 liches
  2 walking crystal tomes (Depths:2)
  17 tentacled monstrosities
  Rupert (D:15)
  2 deep elf blademasters (Elf:3)
  14 Orb Guardians
  A shard shrike skeleton (Crypt:3)
  9 quicksilver dragons
  Asterion (Snake:4)
  7 titans
  5 deep elf master archers
  11 acid blobs
  A walking frostbound tome (Depths:2)
  11 sphinxes
  13 death cobs
  An Executioner (D:10)
  9 ancient champions
  Gastronok (D:9)
  Agnes (Snake:1)
  4 krakens (Shoals:2)
  13 tengu reavers
  6 shadow dragons
  17 storm dragons
  A thorn hunter (WizLab)
  A daeva (Depths:2)
  Donald (Snake:3)
  Aizul (Snake:1)
  3 fenstrider witches (WizLab)
  5 protean progenitors
  12 azure jellies
  4 nagarajas (Snake:4)
  5 draconian knights
  A revenant (Crypt:3)
  4 iron dragons
  8 fire giants
  10 draconian monks
  5 draconian shifters
  8 deep elf sorcerers
  18 vault wardens
  10 frost giants
  5 rockslimes
  4 draconian scorchers
  A curse skull (Crypt:1)
  3 ghouls
  2 balrugs
  Louise (Snake:1)
  3 emperor scorpions
  2 spriggan defenders (Depths:2)
  2 deep elf elementalists (Elf:3)
  An orc warlord (Orc:2)
  7 ghost moths
  4 draconian stormcallers
  6 draconian annihilators
  2 juggernaut skeletons (Crypt:3)
  A reaper (Depths:4)
  10 ironbound thunderhulks
  13 formless jellyfish
  18 stone giants
  16 very ugly things
  17 quicksilver oozes
  10 vampire knights
  7 green draconians
  31 ironbound preservers
  The ghost of Gerimuc the Unseen, a journeyman SpEn of Kikubaaqudgha (D:15)
  12 deep elf death magi
  10 deep elf demonologists
  3 eleionomae (WizLab)
  8 deep elf annihilators
  A minotaur (Gauntlet)
  3 bennus
  3 purple draconians
  5 war gargoyles
  11 black draconians
  9 red draconians
  4 yellow draconians
  13 white draconians
  7 dire elephants
  3 eidola
  8 spark wasps
  9 ettins
  14 merfolk impalers
  13 jiangshi
  2 merfolk javelineers (Shoals:4)
  10 mummy priests
  4 entropy weavers (Vaults:2)
  6 fire dragons
  3 shambling mangroves (WizLab)
  Josephine (Orc:1)
  14 great orbs of eyes
  22 yaktaur captains
  5 spriggan zombies
  6 hydras
  13 ice dragons
  A fenstrider witch zombie (Crypt:1)
  5 deep elf high priests
  8 rakshasas
  A catoblepas (Lair:4)
  4 salamander tyrants
  32 vault guards
  3 spriggan air magi
  2 radroaches (Zig:5)
  5 ogre magi
  3 alligator snapping turtles
  8 anacondas
  4 ironbound frosthearts
  A jorogumo (Zot:1)
  5 merfolk avatars
  A two-headed ogre (shapeshifter) (Vaults:3)
  A sphinx zombie (Crypt:2)
  Erica (D:10)
  2 spriggan skeletons (Tomb:1)
  2 merfolk aquamancers
  12 naga warriors
  The ghost of zenocrate the Covert, a journeyman KoDe of Gozag (D:10)
  3 death knights
  17 centaur warriors
  21 dancing weapons
  6 satyrs
  2 death yaks (Lair:1)
  5 tengu warriors
  12 two-headed ogres
  8 deep troll earth magi
  A demonic crawler (Zig:5)
  2 hell hogs
  7 death scarabs
  7 deep troll shamans
  6 shock serpents
  14 naga sharpshooters
  6 orc high priests
  7 vampire magi
  2 occultists
  3 sun demons
  7 spriggan berserkers
  7 hell knights
  A soul eater (Zot:4)
  7 skysharks
  8 salamander mystics
  Nergalle (Orc:1)
  A skyshark (shapeshifter) (Vaults:5)
  17 deep elf knights
  2 iron trolls
  5 shadow wraiths
  Lodul (D:14)
  A mana viper (shapeshifter) (Vaults:5)
  2 sea snakes (shapeshifter)
  33 skeletal warriors
  6 deep elf archers
  A swamp dragon (shapeshifter) (Vaults:5)
  An orb spider (shapeshifter) (Elf:3)
  A glowing orange brain (shapeshifter) (Vaults:5)
  12 sea snakes
  A cherub (D:10)
  66 deep trolls
  8 glowing orange brains
  A quicksilver dragon simulacrum (Crypt:3)
  4 flayed ghosts
  14 phantasmal warriors
  2 bog bodies
  8 mana vipers
  4 spriggan simulacra
  4 naga ritualists
  A steelbarb worm (Zig:5)
  7 arcanists
  13 ironbound convokers
  3 orange crystal statues (IceCv)
  A tengu zombie (Vaults:3)
  17 necromancers
  5 orc knights
  A wolf spider zombie (D:15)
  2 lindwurms (Vaults:1)
  2 tengu skeletons
  36 harpies
  29 deep elf pyromancers
  11 ugly things
  An anaconda skeleton (Crypt:3)
  30 deep elf zephyrmancers
  A large abomination (D:10)
  5 orc sorcerers
  2 shining eyes (shapeshifter)
  14 salamanders
  2 shining eyes (Slime:5)
  4 wolf spiders
  16 fauns
  3 oklob plants (WizLab)
  9 cyclopes
  10 manticores
  Maurice (D:8)
  An elephant (shapeshifter) (Depths:3)
  A worldbinder (Gauntlet)
  An iron dragon skeleton (Crypt:1)
  31 moths of wrath
  10 meliai
  7 guardian serpents
  A rust devil (Depths:4)
  24 vault sentinels
  10 water nymphs
  9 merfolk sirens
  A frost giant skeleton (Zig:6)
  12 elephants
  10 apocalypse crabs
  49 black mambas
  A smoke demon (Abyss:1)
  17 naga magi
  Jeremiah (D:8)
  5 gargoyles (D:13)
  5 eyes of devastation
  Maggie (D:6)
  21 cane toads
  A yaktaur zombie (Vaults:4)
  2 kobold demonologists
  15 komodo dragons
  A pale draconian zombie (Crypt:2)
  A komodo dragon (shapeshifter) (Depths:4)
  2 efreet
  4 rime drakes
  An alligator snapping turtle skeleton (Abyss:1)
  40 yaktaurs
  3 ice devils
  A dire elephant skeleton (Crypt:1)
  A tormentor (D:10)
  Psyche (D:11)
  A black draconian skeleton (Crypt:2)
  4 tengu conjurers
  10 freezing wraiths
  14 guardian mummies
  A grey draconian skeleton (Crypt:3)
  11 polar bears
  A queen bee (Gauntlet)
  8 harpy zombies
  A moth of wrath zombie (Crypt:3)
  14 wind drakes
  6 hornets
  29 merfolk
  3 tarantellas
  2 spectral guardian serpents (Crypt:3)
  2 tyrant leeches (Zot:4)
  2 human skeletons
  A raiju (Lair:5)
  2 alligator simulacra (Snake:4)
  A hydra skeleton (Crypt:3)
  7 trolls
  A jumping spider zombie (Crypt:1)
  A yaktaur skeleton (Vaults:4)
  A harpy skeleton (Tomb:1)
  9 dream sheep
  A stone giant simulacrum (Crypt:1)
  A fire dragon zombie (Crypt:3)
  A human simulacrum (Vaults:3)
  5 blink frogs (Lair:1)
  7 snapping turtles
  3 glass eyes
  6 air elementals (Shoals:4)
  129 slime creatures
  A fire dragon skeleton (Crypt:2)
  Sigmund (D:8)
  A guardian serpent skeleton (Crypt:2)
  5 vampires (D:13)
  47 yaks
  17 wraiths
  A spriggan (Depths:1)
  35 water elementals
  An elf zombie (Vaults:4)
  18 wyverns
  3 ushabtiu
  A black mamba skeleton (Crypt:1)
  6 fire elementals
  25 humans
  4 starcursed masses (Abyss:1)
  A neqoxec (Depths:4)
  2 basilisks
  2 steam dragons
  7 wargs
  7 redbacks
  3 minotaur simulacra (Snake:4)
  A wind drake skeleton (Crypt:1)
  A redback (shapeshifter) (Vaults:5)
  2 demonspawn zombies
  A harpy simulacrum (Snake:4)
  40 nagas
  2 swamp worms (Zot:4)
  A cane toad zombie (Crypt:1)
  14 water moccasins
  5 great orb of eyes simulacra (IceCv)
  23 hell hounds
  A demonspawn skeleton (Abyss:1)
  31 orc warriors
  4 sky beasts
  An ice beast (D:8)
  16 black bears
  18 ogres
  11 laughing skulls
  A boggart (Gauntlet)
  48 wolves
  3 centaurs
  6 slime creature simulacra (IceCv)
  4 phantoms
  11 kobold brigands
  2 earth elementals
  3 gnoll sergeants
  3 necrophages
  2 scorpions
  A warg skeleton (Crypt:1)
  11 bullfrogs
  3 glowing shapeshifter simulacra
  A water moccasin zombie (D:6)
  5 wights
  A raiju zombie (Crypt:1)
  6 killer bees (Gauntlet)
  4 howler monkeys
  6 electric eels
  3 bombardier beetles
  2 bullfrog zombies (D:6)
  5 centaur zombies
  14 jellies
  24 orc priests
  A centaur skeleton (D:6)
  A gnoll bouda (Lair:1)
  5 hounds
  3 iguanas
  A sleepcap (D:5)
  Jessica (D:3)
  A black bear skeleton (Crypt:2)
  Ijyb (D:4)
  Terence (D:3)
  26 orc wizards
  A brain worm zombie (Crypt:2)
  A sky beast zombie (Crypt:2)
  A deep dwarf zombie (Crypt:2)
  10 mummies
  16 gnolls
  2 howler monkey skeletons
  6 adders
  A white imp (D:6)
  6 ufetubi
  A lava snake zombie (Crypt:3)
  2 dart slugs
  2 ribbon worms
  68 orcs
  A bat zombie (Crypt:3)
  9 endoplasms
  A giant cockroach (D:4)
  16 goblins
  9 hobgoblins
  4 jackals
  2 quokkas
  2 ball pythons
  7 bats
  A bombardier beetle zombie (Crypt:2)
  2 frilled lizards (D:1)
  A frilled lizard zombie (Crypt:2)
  17 kobolds
  2 rats (D:2)
  A rat skeleton (Crypt:1)
  2 aspiring fleshes
  A spectral weapon (Elf:2)
  3 tentacles (Shoals:2)
2705 creatures vanquished.

Vanquished Creatures (collateral kills)
  A vault warden (Vaults:2)
  A merfolk impaler (Shoals:4)
2 creatures vanquished.

Vanquished Creatures (others)
  A storm dragon (Zot:5)
  A draconian scorcher (Zot:5)
  A black draconian (Zot:4)
  A purple draconian (Zot:1)
  A white draconian (Zot:5)
  A yaktaur captain (Vaults:3)
  A merfolk aquamancer (Shoals:4)
  A deep elf pyromancer (Elf:2)
  An air elemental (Shoals:4)
  A wyvern (Zig:3)
  An electric eel (D:13)
  15 tentacles (Shoals:2)
26 creatures vanquished.

Grand Total: 2733 creatures vanquished

Table legend:
 A = Non-vault XP
 B = Vault XP
 C = Vault XP percentage of total XP
 D = Non-vault monster count
 E = Vault monster count
 F = Vault count percentage of total count
                 A         B        C        D         E       F
            +---------+---------+-------+---------+---------+-------
      Total |  850959 |  782573 |  47.9 |    1552 |    1129 |  42.1
            +---------+---------+-------+---------+---------+-------
        D:1 |      28 |       0 |   0.0 |      17 |       0 |   0.0
        D:2 |      68 |       0 |   0.0 |      17 |       0 |   0.0
        D:3 |     172 |      73 |  29.8 |      17 |       2 |  10.5
        D:4 |     436 |      56 |  11.4 |      21 |      12 |  36.4
        D:5 |     704 |       0 |   0.0 |      13 |       0 |   0.0
        D:6 |    1138 |     868 |  43.3 |      23 |       9 |  28.1
        D:7 |    1135 |       8 |   0.7 |      16 |       6 |  27.3
        D:8 |    2213 |    3864 |  63.6 |      20 |      21 |  51.2
        D:9 |    2309 |    1497 |  39.3 |      24 |       1 |   4.0
       D:10 |    2608 |    2890 |  52.6 |      13 |      12 |  48.0
       D:11 |    1707 |    1455 |  46.0 |      10 |      13 |  56.5
       D:12 |    6707 |     367 |   5.2 |      23 |       1 |   4.2
       D:13 |    4370 |   30447 |  87.4 |      15 |      70 |  82.4
       D:14 |    4131 |    2693 |  39.5 |       7 |      11 |  61.1
       D:15 |   15393 |    9808 |  38.9 |      31 |      10 |  24.4
     Lair:1 |    9500 |    1096 |  10.3 |      40 |       5 |  11.1
     Lair:2 |    2735 |    1556 |  36.3 |      10 |       5 |  33.3
     Lair:3 |    6722 |    3075 |  31.4 |      21 |      10 |  32.3
     Lair:4 |    7791 |    1762 |  18.4 |      35 |       5 |  12.5
     Lair:5 |   11638 |   27248 |  70.1 |      37 |     110 |  74.8
   Shoals:1 |   15625 |       0 |   0.0 |      32 |       0 |   0.0
   Shoals:2 |   11459 |    6118 |  34.8 |      23 |       4 |  14.8
   Shoals:3 |   27469 |       0 |   0.0 |      53 |       0 |   0.0
   Shoals:4 |   15356 |   23161 |  60.1 |      31 |      57 |  64.8
    Snake:1 |   15776 |    4906 |  23.7 |      31 |       5 |  13.9
    Snake:2 |   13794 |       0 |   0.0 |      30 |       0 |   0.0
    Snake:3 |   13878 |    6197 |  30.9 |      28 |       5 |  15.2
    Snake:4 |   21135 |   33105 |  61.0 |      41 |      58 |  58.6
    Slime:1 |    9073 |       0 |   0.0 |      17 |       0 |   0.0
    Slime:2 |    3563 |       0 |   0.0 |       7 |       0 |   0.0
    Slime:3 |   12975 |       0 |   0.0 |      31 |       0 |   0.0
    Slime:4 |   10646 |       0 |   0.0 |      21 |       0 |   0.0
    Slime:5 |   16940 |   24358 |  59.0 |      28 |      22 |  44.0
      Orc:1 |     911 |    3356 |  78.7 |      22 |       8 |  26.7
      Orc:2 |     948 |   10088 |  91.4 |      14 |      71 |  83.5
      Elf:1 |   11750 |   13060 |  52.6 |      20 |      20 |  50.0
      Elf:2 |    8832 |   20931 |  70.3 |      12 |      28 |  70.0
      Elf:3 |   14398 |   35839 |  71.3 |      24 |      32 |  57.1
   Vaults:1 |   34220 |    5764 |  14.4 |      50 |       8 |  13.8
   Vaults:2 |   29791 |   24211 |  44.8 |      41 |      30 |  42.3
   Vaults:3 |   24639 |   48429 |  66.3 |      39 |      58 |  59.8
   Vaults:4 |   28673 |   31324 |  52.2 |      41 |      42 |  50.6
   Vaults:5 |   16618 |  113217 |  87.2 |      26 |      98 |  79.0
    Crypt:1 |   24296 |    2555 |   9.5 |      45 |       2 |   4.3
    Crypt:2 |   25058 |    4426 |  15.0 |      41 |       4 |   8.9
    Crypt:3 |   19825 |   43515 |  68.7 |      33 |      49 |  59.8
     Tomb:1 |    9519 |    9554 |  50.1 |      18 |       7 |  28.0
   Depths:1 |   19229 |   23987 |  55.5 |      24 |      22 |  47.8
   Depths:2 |   16145 |   37869 |  70.1 |      18 |      28 |  60.9
   Depths:3 |   27600 |   39524 |  58.9 |      28 |      33 |  54.1
   Depths:4 |   36857 |   14203 |  27.8 |      42 |      11 |  20.8
      Zot:1 |   58428 |    3333 |   5.4 |      56 |       1 |   1.8
      Zot:2 |   24259 |       0 |   0.0 |      21 |       0 |   0.0
      Zot:3 |   41789 |    4336 |   9.4 |      35 |       3 |   7.9
      Zot:4 |   56095 |   16603 |  22.8 |      50 |      14 |  21.9
      Zot:5 |   20199 |   34886 |  63.3 |      16 |      17 |  51.5
    Abyss:1 |    4594 |       0 |   0.0 |      10 |       0 |   0.0
      Zig:1 |     831 |       0 |   0.0 |       1 |       0 |   0.0
      Zig:2 |    1784 |       0 |   0.0 |       2 |       0 |   0.0
      Zig:3 |    3041 |       0 |   0.0 |       3 |       0 |   0.0
      Zig:4 |    4178 |       0 |   0.0 |       4 |       0 |   0.0
      Zig:5 |    5072 |       0 |   0.0 |       7 |       0 |   0.0
      Zig:6 |    6233 |       0 |   0.0 |      11 |       0 |   0.0
      Zig:7 |    4635 |       0 |   0.0 |      10 |       0 |   0.0
      IceCv |     448 |   14805 |  97.1 |       2 |      33 |  94.3
    Volcano |       0 |    5733 | 100.0 |       0 |       7 | 100.0
     WizLab |     870 |   31254 |  97.3 |       3 |      35 |  92.1
   Gauntlet |       0 |    3163 | 100.0 |       0 |      14 | 100.0
            +---------+---------+-------+---------+---------+-------

Skill      XL: |  1  2  3  4  5  6  7  8  9 10 11 12 13 14 15 16 17 18 19 20 21 22 23 24 25 26 27 |
---------------+----------------------------------------------------------------------------------+-----
Long Blades    | 3 4 5 6 7 9 11 13 14 16 | 16.0
Fighting       | 3 4 5 6 8 9 10 11 13 14 17 18 19 20 | 20.1
Throwing       | 2 4 5 7 12 13 14 16 18 | 18.8
Dodging        | 3 5 6 9 11 15 16 18 19 | 19.1
Armour         | 2 3 4 5 6 11 | 11.8
Evocations     | 2 3 4 6 7 |  7.4
Air Magic      | 2 5 6 8 10 11 | 11.9
Shields        | 2 7 8 9 10 11 13 | 13.7
Spellcasting   | 2 4 5 6 |  6.8
Earth Magic    | 2 4 6 |  6.7
Summonings     | 3 5 7 8 |  8.8
Stealth        | 1 2 3 |  3.7
Conjurations   | 5 9 11 12 | 12.0
Ice Magic      | 4 7 9 10 | 10.8
Shapeshifting  | 7 10 15 17 | 17.9

Action                     |  1- 3 |  4- 6 |  7- 9 | 10-12 | 13-15 | 16-18 | 19-21 | 22-24 | 25-27 || total
---------------------------+-------+-------+-------+-------+-------+-------+-------+-------+-------++-------
  Melee: Long sword        |   112 |   142 |   249 |   270 |       |       |       |       |       ||   773
         Headbutt          |     7 |    23 |    62 |   163 |   369 |   453 |   447 |   545 |   616 ||  2685
         Punch             |       |     1 |     5 |     5 |       |       |       |       |       ||    11
         Scimitar          |       |       |       |   332 |   195 |       |       |       |       ||   527
         Demon blade       |       |       |       |       |  1210 |  1498 |   440 |       |       ||  3148
         Double sword      |       |       |       |       |       |       |   964 |  1692 |  1744 ||  4400
         Unarmed           |       |       |       |       |       |       |     6 |       |       ||     6
  Throw: Dart              |       |     2 |     4 |    12 |    15 |       |       |       |       ||    33
         Throwing net      |       |       |     1 |       |       |       |       |       |       ||     1
         Boomerang         |       |       |       |       |     5 |     4 |       |    42 |    39 ||    90
         Javelin           |       |       |       |       |       |       |     1 |     4 |    19 ||    24
   Cast: Swiftness         |       |       |       |       |     1 |       |       |       |       ||     1
         Summon Lightning  |       |       |       |       |       |     1 |     1 |       |       ||     2
         Animate Armour    |       |       |       |       |       |     1 |     1 |       |     1 ||     3
         Freezing Cloud    |       |       |       |       |       |       |       |    13 |    21 ||    34
 Invoke: Curse Item        |       |       |     3 |     4 |     4 |     4 |     2 |     1 |     2 ||    20
         Shatter the Chain |       |       |       |       |     3 |     3 |     2 |     1 |     2 ||    11
  Evoke: Wand              |       |     1 |       |     2 |     4 |     7 |       |     1 |     5 ||    20
         Sack of spiders   |       |       |       |       |     1 |       |       |       |       ||     1
         Phantom mirror    |       |       |       |       |       |       |       |       |     1 ||     1
    Use: Scroll            |       |     3 |     6 |     3 |     7 |     4 |     1 |     3 |    17 ||    44
         Potion            |       |       |     1 |     2 |     1 |     2 |     4 |     5 |    13 ||    28
   Stab: Sleeping          |     2 |       |       |       |     2 |    22 |    18 |    10 |    11 ||    65
         Distracted        |       |     1 |       |       |       |     3 |     1 |     9 |    18 ||    32
         Invisible         |       |       |       |       |       |     2 |       |       |    20 ||    22
         Confused          |       |       |       |       |       |       |     1 |       |       ||     1
         Held in net/web   |       |       |       |       |       |       |       |       |     1 ||     1
 Armour: Leather armour    |    84 |    47 |       |       |       |       |       |       |       ||   131
         Scale mail        |       |    65 |   185 |   298 |   299 |       |       |       |       ||   847
         Swamp dragon scal |       |       |       |       |    94 |   292 |   111 |       |       ||   497
         Chain mail        |       |       |       |       |       |       |   245 |   439 |   692 ||  1376
  Dodge: Dodged            |    80 |   109 |   100 |   226 |   423 |   660 |   603 |   607 |   821 ||  3629
  Block: Other             |       |       |    10 |    94 |       |       |     1 |       |       ||   105
         Reflection        |       |       |       |     5 |    45 |   105 |   158 |    67 |    32 ||   412
         Kite shield       |       |       |       |    39 |  1202 |  1513 |  1536 |  1540 |  1763 ||  7593

Illustrated notes

Table legend:
 A = Kills in this place as a percentage of kills in the entire game.
 B = Kills by you in this place as a percentage of kills by you in the entire game.
 C = Kills by friends in this place as a percentage of kills by friends in the entire game.
 D = Other kills in this place as a percentage of other kills in the entire game.
 E = Experience gained in this place as a percentage of experience gained in the entire game.
 F = Experience gained in this place divided by the number of levels of this place that you have seen.
                   A       B       C       D       E      F
               +-------+-------+-------+-------+-------+----------------------
         Total | 100.0 | 100.0 | 100.0 | 100.0 | 100.0 | 23177.3
       Dungeon |  16.4 |  16.5 |   0.0 |   0.0 |   6.4 | 7019.4
          Lair |  10.3 |  10.3 |   0.0 |   0.0 |   4.4 | 14624.6
        Shoals |   7.4 |   7.3 |  50.0 |  22.2 |   6.0 | 24797.0
     Snake Pit |   7.3 |   7.4 |   0.0 |   0.0 |   6.6 | 27197.8
    Slime Pits |   4.7 |   4.7 |   0.0 |   0.0 |   4.7 | 15511.0
  Orcish Mines |   4.3 |   4.3 |   0.0 |   0.0 |   0.9 | 7651.5
   Elven Halls |   5.0 |   5.0 |   0.0 |  11.1 |   6.4 | 34936.7
        Vaults |  16.0 |  16.0 |  50.0 |  11.1 |  21.7 | 71377.2
         Crypt |   6.4 |   6.5 |   0.0 |   0.0 |   7.3 | 39891.7
          Tomb |   0.9 |   0.9 |   0.0 |   0.0 |   1.2 | 19073.0
        Depths |   7.9 |   8.0 |   0.0 |   0.0 |  13.3 | 54636.5
           Zot |   7.9 |   7.8 |   0.0 |  55.6 |  15.8 | 52141.6
         Abyss |   0.4 |   0.4 |   0.0 |   0.0 |   0.3 | 4594.0
      Ziggurat |   1.4 |   1.4 |   0.0 |   0.0 |   1.6 | 3682.0
      Ice Cave |   1.3 |   1.3 |   0.0 |   0.0 |   0.9 | 15253.0
       Volcano |   0.3 |   0.3 |   0.0 |   0.0 |   0.3 | 5733.0
        Wizlab |   1.4 |   1.4 |   0.0 |   0.0 |   2.0 | 32124.0
      Gauntlet |   0.5 |   0.5 |   0.0 |   0.0 |   0.2 | 3163.0
               +-------+-------+-------+-------+-------+----------------------

Table legend: (Time is in decaauts)
 A = Elapsed time spent in this place.
 B = Non-inter-level travel time spent in this place.
 C = Inter-level travel time spent in this place.
 D = Time resting spent in this place.
 E = Time spent auto-exploring this place.
 F = Levels seen in this place.
 G = Mean time per level.
                   A        B        C        D        E       F      G
               +--------+--------+--------+--------+--------+-----+--------+
         Total |  69663 |  60598 |   9065 |   8137 |  26699 |  71 |  981.2 |
       Dungeon |  17734 |  14461 |   3273 |   1299 |   8526 |  15 | 1182.3 |
        Temple |      1 |      1 |      0 |      0 |      0 |   1 |    1.0 |
          Lair |   6807 |   5779 |   1028 |    301 |   3109 |   5 | 1361.4 |
        Shoals |   2927 |   2689 |    238 |    172 |    950 |   4 |  731.8 |
     Snake Pit |   4801 |   4134 |    667 |    603 |   1478 |   4 | 1200.2 |
    Slime Pits |   2620 |   2406 |    214 |    355 |    446 |   5 |  524.0 |
  Orcish Mines |   1635 |   1376 |    259 |    132 |    383 |   2 |  817.5 |
   Elven Halls |   3403 |   3123 |    280 |    262 |   1624 |   3 | 1134.3 |
        Vaults |   8654 |   7595 |   1059 |    770 |   3967 |   5 | 1730.8 |
         Crypt |   4397 |   3983 |    414 |    723 |   1495 |   3 | 1465.7 |
          Tomb |    766 |    633 |    133 |    132 |      0 |   1 |  766.0 |
        Depths |   5916 |   5148 |    768 |   1252 |   1872 |   4 | 1479.0 |
          Hell |      4 |      4 |      0 |      0 |      0 |   1 |    4.0 |
           Zot |   7573 |   6845 |    728 |   1737 |   2680 |   5 | 1514.6 |
         Abyss |    193 |    193 |      0 |     23 |      0 |   1 |  193.0 |
      Ziggurat |    395 |    395 |      0 |    122 |      0 |   7 |   56.4 |
         Trove |     73 |     73 |      0 |      0 |      0 |   1 |   73.0 |
      Ice Cave |    400 |    400 |      0 |      3 |      0 |   1 |  400.0 |
       Volcano |    275 |    275 |      0 |     32 |     33 |   1 |  275.0 |
        Wizlab |    756 |    756 |      0 |    161 |    135 |   1 |  756.0 |
      Gauntlet |    322 |    322 |      0 |     56 |      0 |   1 |  322.0 |
               +--------+--------+--------+--------+--------+-----+--------+

Top non-repeatable levels by time:
   Zot:4: 2712 daAuts
 Crypt:3: 2050 daAuts
Vaults:5: 1998 daAuts
Depths:2: 1897 daAuts
     D:4: 1851 daAuts
Vaults:1: 1815 daAuts
Vaults:2: 1781 daAuts
    D:13: 1777 daAuts
    D:10: 1769 daAuts
   Zot:1: 1688 daAuts
  Lair:3: 1653 daAuts
     D:8: 1649 daAuts
  Lair:5: 1621 daAuts
Depths:3: 1604 daAuts
Vaults:4: 1570 daAuts
